Workbook

Sheet FACTOR HUMANO  
C5: Prestar el servicio integral de aseo, mantenimiento y cafetería, incluidos todos los insu-mos y elementos necesarios para su atención en las sedes de la Fiscalía General de la Nación - Subdirección de Apoyo Regional Caribe. | R5: 3 | AF5: 2 | AH5: 2
N7: 1 | O7: 2 | P7: 3 | AB7: 1 | AC7: 2 | AD7: 3
G8: COTIZACIÓN No.1 | I8: COTIZACIÓN No.2 | K8: COTIZACIÓN No.3 | N8: MENOR VALOR | O8: PROMEDIO | P8: MEDIA ARITMETICA BAJA | R8: VALOR SELECCIONADO COTIZACIONES | U8: VALOR CONTRATO ACTUAL | W8: HISTORICO 2024 | AB8: MENOR VALOR | AC8: PROMEDIO | AD8: MEDIA ARITMETICA BAJA | AF8: VALORES FINALES ESTUDIO
A9: 1. SECCIONALES ATLÁNTICO, BOLIVAR, CESAR, GUAJIRA Y MAGDALENA | G9: VALOR UNITARIO | H9: VALOR TOTAL | I9: VALOR UNITARIO | J9: VALOR TOTAL | K9: VALOR UNITARIO | L9: VALOR TOTAL | N9: VALOR UNITARIO | O9: VALOR UNITARIO | P9: VALOR UNITARIO | R9: VALOR UNITARIO | S9: VALOR TOTAL | U9: VALOR UNITARIO | V9: VALOR TOTAL | W9: 2024-2025 | X9: 2025-2026 | AB9: VALOR UNITARIO | AC9: VALOR UNITARIO | AD9: VALOR UNITARIO | AF9: VALOR UNITARIO | AG9: VALOR TOTAL NECESIDAD | AH9: VALOR UNITARIO | AI9: VALOR TOTAL VALORES AJUSTADOS
W10: 0.0954 | X10: 0.23
A11: ITEM | B11: NECESIDAD | C11: CANTIDADES SERVICIOS NECESIDAD | D11: CANTIDADES SERVICIOS AJUSTADOS | E11: TOTAL DIAS /MES | W11: VALOR UNITARIO SIN IVA | Y11: VALOR TOTAL
AJ12: DIFERENCIA ENTRE EL CONTRATO ACTUAL | AL12: MENORES VALORES DE ACUERDO MARCO
A13: 1 | B13: SUPERVISOR | C13: 5 | E13: MES | G13: 4240446 | H13: =G13*$C13 -> 21202230 | I13: 7203853 | J13: =I13*$C13 -> 36019265 | K13: 3898995 | L13: =K13*$C13 -> 19494975 | N13: =+MIN(G13,I13,K13) -> 3898995 | O13: =+ROUND(AVERAGE(G13,I13,K13),0) -> 5114431 | P13: =+ROUND(AVERAGE(N13:O13),0) -> 4506713 | R13: =+IF($R$5=1,N13,IF($R$5=2,O13,IF($R$5=3,P13,0))) -> 4506713 | S13: =R13*$C13 -> 22533565 | U13: 2873159 | V13: =U13*$C13 -> 14365795 | W13: =(Z13*W10)+Z13 -> 3018054.8 | X13: =(Z13*X10)+W13 -> 3651752.7 | Y13: =X13*C13 -> 18258763 | Z13: 2755208 | AB13: =+MIN(R13,X13) -> 3651752.7 | AC13: =+ROUND(AVERAGE(R13,X13),0) -> 4079233 | AD13: =+ROUND(AVERAGE(AB13:AC13),0) -> 3865493 | AF13: =R13 -> 4506713 | AG13: =AF13*$C13 -> 22533565 | AH13: =+AF13 -> 4506713 | AI13: =+AH13*D13 -> 0 | AJ13: =+AF13/U13-1 -> 0.56855677 | AL13: 3324124 | AM13: coordinador
A14: 2 | B14: OPERARIO DE ASEO TIEMPO COMPLETO | C14: 117 | E14: MES | G14: 3417421 | H14: =G14*$C14 -> 399838257 | I14: 2927010 | J14: =I14*$C14 -> 342460170 | K14: 2950000 | L14: =K14*$C14 -> 345150000 | N14: =+MIN(G14,I14,K14) -> 2927010 | O14: =+ROUND(AVERAGE(G14,I14,K14),0) -> 3098144 | P14: =+ROUND(AVERAGE(N14:O14),0) -> 3012577 | R14: =+IF($R$5=1,N14,IF($R$5=2,O14,IF($R$5=3,P14,0))) -> 3012577 | S14: =R14*$C14 -> 352471509 | U14: 2315490 | V14: =U14*$C14 -> 270912330 | W14: =(Z14*W10)+Z14 -> 2432261.2 | X14: =(W14*X10)+W14 -> 2991681.3 | Y14: =X14*C14 -> 3.5002671e+08 | Z14: 2220432 | AB14: =+MIN(R14,X14) -> 2991681.3 | AC14: =+ROUND(AVERAGE(R14,X14),0) -> 3002129 | AD14: =+ROUND(AVERAGE(AB14:AC14),0) -> 2996905 | AF14: =R14 -> 3012577 | AG14: =AF14*$C14 -> 352471509 | AH14: =+AF14 -> 3012577 | AI14: =+AH14*D14 -> 0 | AJ14: =+AF14/U14-1 -> 0.30105377 | AL14: 3324124
A15: 3 | B15: OPERARIO DE ASEO MEDIO TIEMPO | C15: 23 | E15: MES | G15: 2031208.2 | H15: =G15*$C15 -> 46717789 | I15: 1860446 | J15: =I15*$C15 -> 42790258 | K15: 1870000 | L15: =K15*$C15 -> 43010000 | N15: =+MIN(G15,I15,K15) -> 1860446 | O15: =+ROUND(AVERAGE(G15,I15,K15),0) -> 1920551 | P15: =+ROUND(AVERAGE(N15:O15),0) -> 1890499 | R15: =+IF($R$5=1,N15,IF($R$5=2,O15,IF($R$5=3,P15,0))) -> 1890499 | S15: =R15*$C15 -> 43481477 | U15: 1376249 | V15: =U15*$C15 -> 31653727 | W15: =(Z15*W10)+Z15 -> 1445655.2 | X15: =(W15*X10)+W15 -> 1778156 | Y15: =X15*C15 -> 40897587 | Z15: 1319751 | AB15: =+MIN(R15,X15) -> 1778156 | AC15: =+ROUND(AVERAGE(R15,X15),0) -> 1834327 | AD15: =+ROUND(AVERAGE(AB15:AC15),0) -> 1806241 | AF15: =R15 -> 1890499 | AG15: =AF15*$C15 -> 43481477 | AH15: =+AF15 -> 1890499 | AI15: =+AH15*D15 -> 0 | AJ15: =+AF15/U15-1 -> 0.37366058 | AL15: 2127439 | AN15: =+AL13/2 -> 1662062
A16: 4 | B16: OPERARIO DE CAFETERIA TIEMPO COMPLETO | C16: 3 | E16: MES | G16: 3421838 | H16: =G16*$C16 -> 10265514 | I16: 2927010 | J16: =I16*$C16 -> 8781030 | K16: 2950000 | L16: =K16*$C16 -> 8850000 | N16: =+MIN(G16,I16,K16) -> 2927010 | O16: =+ROUND(AVERAGE(G16,I16,K16),0) -> 3099616 | P16: =+ROUND(AVERAGE(N16:O16),0) -> 3013313 | R16: =+IF($R$5=1,N16,IF($R$5=2,O16,IF($R$5=3,P16,0))) -> 3013313 | S16: =R16*$C16 -> 9039939 | U16: 2318485 | V16: =U16*$C16 -> 6955455 | W16: =(Z16*W10)+Z16 -> 2435408.3 | X16: =(W16*X10)+W16 -> 2995552.2 | Y16: =X16*C16 -> 8986656.6 | Z16: 2223305 | AB16: =+MIN(R16,X16) -> 2995552.2 | AC16: =+ROUND(AVERAGE(R16,X16),0) -> 3004433 | AD16: =+ROUND(AVERAGE(AB16:AC16),0) -> 2999993 | AF16: =R16 -> 3013313 | AG16: =AF16*$C16 -> 9039939 | AH16: =+AF16 -> 3013313 | AI16: =+AH16*D16 -> 0 | AJ16: =+AF16/U16-1 -> 0.29969053 | AL16: 3324124
A17: 5 | B17: OPERARIO DE MANTENIMIENTO CERTIFICADO ALTURAS | C17: 39 | E17: MES | G17: 3492757.8 | H17: =G17*$C17 -> 1.3621755e+08 | I17: 7295725 | J17: =I17*$C17 -> 284533275 | K17: 3050000 | L17: =K17*$C17 -> 118950000 | N17: =+MIN(G17,I17,K17) -> 3050000 | O17: =+ROUND(AVERAGE(G17,I17,K17),0) -> 4612828 | P17: =+ROUND(AVERAGE(N17:O17),0) -> 3831414 | R17: =+IF($R$5=1,N17,IF($R$5=2,O17,IF($R$5=3,P17,0))) -> 3831414 | S17: =R17*$C17 -> 149425146 | U17: 2366542 | V17: =U17*$C17 -> 92295138 | W17: =(Z17*W10)+Z17 -> 2485888.7 | X17: =(W17*X10)+W17 -> 3057643.1 | Y17: =X17*C17 -> 1.1924808e+08 | Z17: 2269389 | AB17: =+MIN(R17,X17) -> 3057643.1 | AC17: =+ROUND(AVERAGE(R17,X17),0) -> 3444529 | AD17: =+ROUND(AVERAGE(AB17:AC17),0) -> 3251086 | AF17: =R17 -> 3831414 | AG17: =AF17*$C17 -> 149425146 | AH17: =+AF17 -> 3831414 | AI17: =+AH17*D17 -> 0 | AJ17: =+AF17/U17-1 -> 0.61899261 | AL17: 3324124
A18: 6 | B18: OPERARIO DE ASEO TIEMPO COMPLETO JORNADA DIURNA, DOMINGOS Y/O FESTIVOS - ATLÁNTICO, BOLIVAR, CESAR, GUAJIRA, MAGDALENA | C18: 6 | E18: 6 | G18: 181146 | H18: =G18*$C18*$E18 -> 6521256 | I18: 401622 | J18: =I18*$C18*$E18 -> 14458392 | K18: 180000 | L18: =K18*$C18*$E18 -> 6480000 | N18: =+MIN(G18,I18,K18) -> 180000 | O18: =+ROUND(AVERAGE(G18,I18,K18),0) -> 254256 | P18: =+ROUND(AVERAGE(N18:O18),0) -> 217128 | R18: =+IF($R$5=1,N18,IF($R$5=2,O18,IF($R$5=3,P18,0))) -> 217128 | S18: =R18*$C18*$E18 -> 7816608 | U18: 122733 | V18: =U18*$C18*$E18 -> 4418388 | W18: =(Z18*W10)+Z18 -> 128924.2 | X18: =(W18*X10)+W18 -> 158576.76 | Y18: =X18*C18*E18 -> 5708763.5 | Z18: 117696 | AB18: =+MIN(R18,X18) -> 158576.76 | AC18: =+ROUND(AVERAGE(R18,X18),0) -> 187852 | AD18: =+ROUND(AVERAGE(AB18:AC18),0) -> 173214 | AF18: =R18 -> 217128 | AG18: =AF18*$C18*$E18 -> 7816608 | AH18: =+AF18 -> 217128 | AI18: =+AH18*D18*E18 -> 0 | AJ18: =+AF18/U18-1 -> 0.76910855
A19: SUBTOTAL | C19: =SUM(C13:C18) -> 193 | H19: =SUM(H13:H18) -> 6.207626e+08 | J19: =SUM(J13:J18) -> 729042390 | L19: =SUM(L13:L18) -> 541934975 | S19: =SUM(S13:S18) -> 584768244 | V19: =SUM(V13:V18) -> 420600833 | Y19: =SUM(Y13:Y18) -> 5.4312656e+08 | AG19: =SUM(AG13:AG18) -> 584768244 | AI19: =SUM(AI13:AI18) -> 0
A20: AIU | C20: 0.1 | H20: =+H19*$C20 -> 62076260 | J20: =+J19*$C20 -> 72904239 | L20: =+L19*$C20 -> 54193498 | S20: =+S19*$C20 -> 58476824 | V20: =+V19*$C20 -> 42060083 | Y20: =+Y19*$C20 -> 54312656 | AG20: =+AG19*$C20 -> 58476824 | AI20: =+AI19*$C20 -> 0
A21: IVA | C21: 0.19 | H21: =H20*$C21 -> 11794489 | J21: =J20*$C21 -> 13851805 | L21: =L20*$C21 -> 10296765 | S21: =S20*$C21 -> 11110597 | V21: =V20*$C21 -> 7991415.8 | Y21: =Y20*C21 -> 10319405 | AG21: =AG20*$C21 -> 11110597 | AI21: =AI20*$C21 -> 0
A22: TOTAL A FACTURAR SECCIONALES ATLÁNTICO, BOLIVAR, CESAR, GUAJIRA Y MAGDALENA | H22: =SUM(H19:H21) -> 6.9463335e+08 | J22: =SUM(J19:J21) -> 8.1579843e+08 | L22: =SUM(L19:L21) -> 6.0642524e+08 | S22: =SUM(S19:S21) -> 6.5435567e+08 | V22: =SUM(V19:V21) -> 4.7065233e+08 | W22: HISTORICO 2024 | Y22: =SUM(Y19:Y21) -> 6.0775862e+08 | AG22: =SUM(AG19:AG21) -> 6.5435567e+08 | AI22: =SUM(AI19:AI21) -> 0
A23: 2. SECCIONAL SAN ANDRÉS Y PROVIDENCIA | G23: VALOR UNITARIO | H23: VALOR TOTAL | I23: VALOR UNITARIO | J23: VALOR TOTAL | K23: VALOR UNITARIO | L23: VALOR TOTAL | N23: VALOR UNITARIO | O23: VALOR UNITARIO | P23: VALOR UNITARIO | R23: VALOR UNITARIO | S23: VALOR TOTAL | U23: VALOR UNITARIO | V23: VALOR TOTAL | W23: 2024-2025 | X23: 2025-2026 | AB23: VALOR UNITARIO | AC23: VALOR UNITARIO | AD23: VALOR UNITARIO | AF23: VALOR UNITARIO | AG23: VALOR TOTAL | AH23: VALOR UNITARIO | AI23: VALOR TOTAL VALORES AJUSTADOS
W24: 0.0954 | X24: 0.23
A25: ITEM | B25: NECESIDAD | C25: AJUSTE SERVICIOS A PRESTAR | D25: CANTIDADES SERVICIOS AJUSTADOS | E25: TOTAL DIAS/ MES | W25: VALOR UNITARIO SIN IVA | Y25: VALOR TOTAL
A27: 1 | B27: SUPERVISOR | C27: 1 | E27: MES | G27: 4240446 | H27: =G27*$C27 -> 4240446 | I27: 7203853 | J27: =I27*$C27 -> 7203853 | K27: =K13 -> 3898995 | L27: =K27*$C27 -> 3898995 | N27: =+MIN(G27,I27,K27) -> 3898995 | O27: =+ROUND(AVERAGE(G27,I27,K27),0) -> 5114431 | P27: =+ROUND(AVERAGE(N27:O27),0) -> 4506713 | R27: =+IF($R$5=1,N27,IF($R$5=2,O27,IF($R$5=3,P27,0))) -> 4506713 | S27: =R27*$C27 -> 4506713 | U27: 2873159 | V27: =U27*$C27 -> 2873159 | W27: =(Z27*W24)+Z27 -> 3018054.8 | X27: =(W27*X24)+W27 -> 3712207.5 | Y27: =X27*C27 -> 3712207.5 | Z27: 2755208 | AB27: =+MIN(R27,X27) -> 3712207.5 | AC27: =+ROUND(AVERAGE(R27,X27),0) -> 4109460 | AD27: =+ROUND(AVERAGE(AB27:AC27),0) -> 3910834 | AF27: =R27 -> 4506713 | AG27: =AF27*$C27 -> 4506713 | AH27: =+AF27 -> 4506713 | AI27: =+AH27*D27 -> 0 | AJ27: =+AF27/U27-1 -> 0.56855677
A28: 2 | B28: OPERARIO DE ASEO TIEMPO COMPLETO | C28: 7 | E28: MES | G28: 3417421 | H28: =G28*$C28 -> 23921947 | I28: 2927010 | J28: =I28*$C28 -> 20489070 | K28: =K14 -> 2950000 | L28: =K28*$C28 -> 20650000 | N28: =+MIN(G28,I28,K28) -> 2927010 | O28: =+ROUND(AVERAGE(G28,I28,K28),0) -> 3098144 | P28: =+ROUND(AVERAGE(N28:O28),0) -> 3012577 | R28: =+IF($R$5=1,N28,IF($R$5=2,O28,IF($R$5=3,P28,0))) -> 3012577 | S28: =R28*$C28 -> 21088039 | U28: 2315490 | V28: =U28*$C28 -> 16208430 | W28: =(Z28*W24)+Z28 -> 2432261.2 | X28: =(W28*X24)+W28 -> 2991681.3 | Y28: =X28*C28 -> 20941769 | Z28: 2220432 | AB28: =+MIN(R28,X28) -> 2991681.3 | AC28: =+ROUND(AVERAGE(R28,X28),0) -> 3002129 | AD28: =+ROUND(AVERAGE(AB28:AC28),0) -> 2996905 | AF28: =R28 -> 3012577 | AG28: =AF28*$C28 -> 21088039 | AH28: =+AF28 -> 3012577 | AI28: =+AH28*D28 -> 0 | AJ28: =+AF28/U28-1 -> 0.30105377
A29: 3 | B29: OPERARIO DE ASEO MEDIO TIEMPO | C29: 0 | E29: MES | G29: 2031208.2 | H29: =G29*$C29 -> 0 | I29: 1860446 | J29: =I29*$C29 -> 0 | K29: =K15 -> 1870000 | L29: =K29*$C29 -> 0 | N29: =+MIN(G29,I29,K29) -> 1860446 | O29: =+ROUND(AVERAGE(G29,I29,K29),0) -> 1920551 | P29: =+ROUND(AVERAGE(N29:O29),0) -> 1890499 | R29: =+IF($R$5=1,N29,IF($R$5=2,O29,IF($R$5=3,P29,0))) -> 1890499 | S29: =R29*$C29 -> 0 | U29: 1376249 | V29: =U29*$C29 -> 0 | W29: =(Z29*W24)+Z29 -> 1445655.2 | X29: =(W29*X24)+W29 -> 1778156 | Y29: =X29*C29 -> 0 | Z29: 1319751 | AB29: =+MIN(R29,X29) -> 1778156 | AC29: =+ROUND(AVERAGE(R29,X29),0) -> 1834327 | AD29: =+ROUND(AVERAGE(AB29:AC29),0) -> 1806241 | AF29: =R29 -> 1890499 | AG29: =AF29*$C29 -> 0 | AH29: =+AF29 -> 1890499 | AI29: =+AH29*D29 -> 0 | AJ29: =+AF29/U29-1 -> 0.37366058
A30: 4 | B30: OPERARIO DE CAFETERIA TIEMPO COMPLETO | C30: 1 | E30: MES | G30: 3421838 | H30: =G30*$C30 -> 3421838 | I30: 2927010 | J30: =I30*$C30 -> 2927010 | K30: =K16 -> 2950000 | L30: =K30*$C30 -> 2950000 | N30: =+MIN(G30,I30,K30) -> 2927010 | O30: =+ROUND(AVERAGE(G30,I30,K30),0) -> 3099616 | P30: =+ROUND(AVERAGE(N30:O30),0) -> 3013313 | R30: =+IF($R$5=1,N30,IF($R$5=2,O30,IF($R$5=3,P30,0))) -> 3013313 | S30: =R30*$C30 -> 3013313 | U30: 2318485 | V30: =U30*$C30 -> 2318485 | W30: =(Z30*W24)+Z30 -> 2435408.3 | X30: =(W30*X24)+W30 -> 2995552.2 | Y30: =X30*C30 -> 2995552.2 | Z30: 2223305 | AB30: =+MIN(R30,X30) -> 2995552.2 | AC30: =+ROUND(AVERAGE(R30,X30),0) -> 3004433 | AD30: =+ROUND(AVERAGE(AB30:AC30),0) -> 2999993 | AF30: =R30 -> 3013313 | AG30: =AF30*$C30 -> 3013313 | AH30: =+AF30 -> 3013313 | AI30: =+AH30*D30 -> 0 | AJ30: =+AF30/U30-1 -> 0.29969053
A31: 5 | B31: OPERARIO DE MANTENIMIENTO CERTIFICADO ALTURAS | C31: 4 | E31: MES | G31: 3492757.8 | H31: =G31*$C31 -> 13971031 | I31: 7295725 | J31: =I31*$C31 -> 29182900 | K31: =K17 -> 3050000 | L31: =K31*$C31 -> 12200000 | N31: =+MIN(G31,I31,K31) -> 3050000 | O31: =+ROUND(AVERAGE(G31,I31,K31),0) -> 4612828 | P31: =+ROUND(AVERAGE(N31:O31),0) -> 3831414 | R31: =+IF($R$5=1,N31,IF($R$5=2,O31,IF($R$5=3,P31,0))) -> 3831414 | S31: =R31*$C31 -> 15325656 | U31: 2366542 | V31: =U31*$C31 -> 9466168 | W31: =(Z31*W24)+Z31 -> 2485888.7 | X31: =(W31*X24)+W31 -> 3057643.1 | Y31: =X31*C31 -> 12230572 | Z31: 2269389 | AB31: =+MIN(R31,X31) -> 3057643.1 | AC31: =+ROUND(AVERAGE(R31,X31),0) -> 3444529 | AD31: =+ROUND(AVERAGE(AB31:AC31),0) -> 3251086 | AF31: =R31 -> 3831414 | AG31: =AF31*$C31 -> 15325656 | AH31: =+AF31 -> 3831414 | AI31: =+AH31*D31 -> 0 | AJ31: =+AF31/U31-1 -> 0.61899261
A32: 6 | B32: OPERARIO DE ASEO TIEMPO COMPLETO JORNADA DIURNA, DOMINGOS Y/O FESTIVOS - SAN ANDRÉS | C32: 1 | E32: =+E18 -> 6 | G32: 181146 | H32: =G32*$C32*$E32 -> 1086876 | I32: 401622 | J32: =I32*$C32*$E32 -> 2409732 | K32: =K18 -> 180000 | L32: =K32*$C32*$E32 -> 1080000 | N32: =+MIN(G32,I32,K32) -> 180000 | O32: =+ROUND(AVERAGE(G32,I32,K32),0) -> 254256 | P32: =+ROUND(AVERAGE(N32:O32),0) -> 217128 | R32: =+IF($R$5=1,N32,IF($R$5=2,O32,IF($R$5=3,P32,0))) -> 217128 | S32: =R32*$C32*$E32 -> 1302768 | U32: 122733 | V32: =U32*$C32*$E32 -> 736398 | W32: =(Z32*W24)+Z32 -> 128924.2 | X32: =(W32*X24)+W32 -> 158576.76 | Y32: =X32*C32 -> 158576.76 | Z32: 117696 | AB32: =+MIN(R32,X32) -> 158576.76 | AC32: =+ROUND(AVERAGE(R32,X32),0) -> 187852 | AD32: =+ROUND(AVERAGE(AB32:AC32),0) -> 173214 | AF32: =R32 -> 217128 | AG32: =AF32*$C32*$E32 -> 1302768 | AH32: =+AF32 -> 217128 | AI32: =+AH32*D32*E32 -> 0 | AJ32: =+AF32/U32-1 -> 0.76910855
A33: SUBTOTAL | C33: =SUM(C27:C32) -> 14 | H33: =SUM(H27:H32) -> 46642138 | J33: =SUM(J27:J32) -> 62212565 | L33: =SUM(L27:L32) -> 40778995 | N33: =SUM(N13:N32) -> 29686922 | O33: =SUM(O13:O32) -> 36199652 | P33: =SUM(P13:P32) -> 32943288 | R33: =SUM(R13:R32) -> 32943288 | S33: =SUM(S27:S32) -> 45236489 | V33: =SUM(V27:V32) -> 31602640 | Y33: =SUM(Y27:Y32) -> 40038678 | AB33: =SUM(AB13:AB32) -> 29327179 | AC33: =SUM(AC13:AC32) -> 31135233 | AD33: =SUM(AD13:AD32) -> 30231205 | AG33: =SUM(AG27:AG32) -> 45236489 | AI33: =SUM(AI27:AI32) -> 0
A34: AIU | C34: 0.1 | H34: =+H33*$C34 -> 4664213.8 | J34: =+J33*$C34 -> 6221256.5 | L34: =+L33*$C34 -> 4077899.5 | S34: =+S33*$C34 -> 4523648.9 | V34: =+V33*$C34 -> 3160264 | Y34: =+Y33*$C34 -> 4003867.8 | AG34: =+AG33*$C34 -> 4523648.9 | AI34: =+AI33*$C34 -> 0
A35: TOTAL A FACTURAR SECCIONAL SAN ANDRÉS (SIN IVA) | H35: =SUM(H33:H34) -> 51306352 | J35: =SUM(J33:J34) -> 68433822 | L35: =SUM(L33:L34) -> 44856894 | S35: =SUM(S33:S34) -> 49760138 | V35: =SUM(V33:V34) -> 34762904 | Y35: =SUM(Y33:Y34) -> 44042546 | AG35: =SUM(AG33:AG34) -> 49760138 | AI35: =SUM(AI33:AI34) -> 0
A37: VALOR TOTAL | H37: =+H35+H22 -> 7.459397e+08 | J37: =+J35+J22 -> 8.8423226e+08 | L37: =+L35+L22 -> 6.5128213e+08 | S37: =+S35+S22 -> 7.041158e+08 | V37: =+V35+V22 -> 5.0541524e+08 | Y37: =SUM(Y35,Y22) -> 6.5180117e+08 | AG37: =+AG35+AG22 -> 7.041158e+08 | AI37: =+AI35+AI22 -> 0
X40: VALOR CONTRATO ACTUAL | Y40: 531434018 | AA40: =Y37-Y40 -> 1.2036715e+08
B41: NOTAS
B42: 1. La isla de San Andres se encuentra exenta de Iva
B43: 2 El valor del Operario de Aseo Tiempo Completo Domingo - festivo presenta la cantidad de 6 días valor promedio que se ajustará de acuerdo con los domingos y festivos reales del mes correspondiente
B44: 3 La Entidad podrá ajustar las cantidades de acuerdo con la Necesidad existente
J48: =K18/6 -> 30000

Sheet INSUMOS 
A1: ANEXO
D2: SERVICIO INTEGRAL DE ASEO, MANTENIMIENTO Y CAFETERÍA, INCLUIDOS TODOS LOS INSUMOS Y ELEMENTOS NECESARIOS PARA SU ATENCIÓN EN LAS SEDES DE LA REGIONAL CARIBE.
A5: INSUMOS
Q6: 3 | AB6: 2
T7: HISTORICO 2024
T8: 45451 | U8: 46113
I9: COTIZACIÓN NO.1 | J9: COTIZACIÓN NO.2 | K9: COTIZACIÓN NO.3 | M9: MENOR VALOR | N9: PROMEDIO | O9: MEDIA ARITMETICA BAJA | Q9: VALOR SELECCIONADO COTIZACIONES | S9: VALOR CONTRATADO | T9: 1.4367 | U9: 1.5817 | X9: MENOR VALOR | Y9: PROMEDIO | Z9: MEDIA ARITMETICA BAJA | AB9: VALORES FINALES ESTUDIO
A10: ITEM | B10: BIEN | C10: ESPECIFICACIÓN TÉCNICA | D10: CONDICIÓN | E10: PRESENTACIÓN | F10: REQUIERE NSO (notificación Sanitaria Obligatoria O RSA (Registro Sanitario) | G10: ELEMENTO BIODEGRADABLE | H10: CANTIDAD PROMEDIO MENSUAL | I10: VALOR UNITARIO | J10: VALOR UNITARIO | K10: VALOR UNITARIO | M10: VALOR UNITARIO | N10: VALOR UNITARIO | O10: VALOR UNITARIO | Q10: VALOR UNITARIO | S10: VALOR UNITARIO | T10: VALOR UNITARIO SIN IVA | X10: VALOR UNITARIO | Y10: VALOR UNITARIO | Z10: VALOR UNITARIO | AB10: VALOR UNITARIO | AC10: IVA | AD10: VALOR UNITARIO INCLUIDO IVA SEGÚN APLIQUE | AE10: VALOR TOTAL | AF10: DIFERENCIA ENTRE LO CONTRATADO | AH10: VALORES DE REFERENCIA
A11: 1 | B11: Jabón para loza | C11: - Con agente(s) tensoactivo(s) principal(es) con efecto limpiador y desengrasante en una concentración mínima del 8%. - Disponible en mínimo (2) dos fragancias - El envase debe estar correctamente etiquetado bajo los parámetros establecidos en el sistema globalmente armonizado (Decreto 1496 de 2018) indicando: nombre comercial del producto, pictogramas de los compuestos peligrosos si aplica e instrucciones de uso de acuerdo con los tiempos de transición descritos en el artículo 24 de la Resolución 773 de 2021. - Debe contener concentraciones de fósforo iguales o inferiores a 0.65% de fósforo (Resolución 0689 de 2016) | D11: Compra | E11: Líquido, en recipiente plástico con capacidad mínima de 3.750 ml | F11: Requiere NSO | G11: Si | H11: 127 | I11: 35200 | J11: 78500 | K11: 16050 | M11: =+MIN(I11:K11) -> 16050 | N11: =(I11+K11)/2 -> 25625 | O11: =+ROUND(AVERAGE(M11:N11),0) -> 20838 | Q11: =+IF($Q$6=1,M11,IF($Q$6=2,N11,IF($Q$6=3,O11,0))) -> 20838 | S11: 7731 | T11: =(U9/T9)*V11 -> 12212.569 | V11: 11093 | X11: =+MIN(Q11,T11) -> 12212.569 | Y11: =+ROUND(AVERAGE(Q11,T11),0) -> 16525 | Z11: =+ROUND(AVERAGE(X11:Y11),0) -> 14369 | AB11: =Q11 -> 20838 | AC11: =+AB11*19% -> 3959.22 | AD11: =ROUND(SUM(AB11:AC11),0) -> 24797 | AE11: =+AD11*H11 -> 3149219 | AF11: =+AB11/S11-1 -> 1.6953822 | AH11: 13826
A12: 2 | B12: Jabón abrasivo | C12: -Con agente(s) tensoactivo(s) pincipal(es) con efecto limpiador, pulidor y desengrasante - Con agente activo mínimo del 5% - Debe contener concentraciones de fósforo iguales o inferiores a 0.65% de fósforo (Resolución 0689 de 2016) | D12: Compra | E12: En polvo, en tarro de mínimo 500 g | F12: Requiere NSO | G12: Si | H12: 95 | I12: 9900 | J12: 60000 | K12: 4538 | M12: =+MIN(I12:K12) -> 4538 | N12: =(I12+K12)/2 -> 7219 | O12: =+ROUND(AVERAGE(M12:N12),0) -> 5879 | Q12: =+IF($Q$6=1,M12,IF($Q$6=2,N12,IF($Q$6=3,O12,0))) -> 5879 | S12: 1778 | T12: =(U9/T9)*V12 -> 2809.5625 | V12: 2552 | X12: =+MIN(Q12,T12) -> 2809.5625 | Y12: =+ROUND(AVERAGE(Q12,T12),0) -> 4344 | Z12: =+ROUND(AVERAGE(X12:Y12),0) -> 3577 | AB12: =Q12 -> 5879 | AC12: =+AB12*19% -> 1117.01 | AD12: =ROUND(SUM(AB12:AC12),0) -> 6996 | AE12: =+AD12*H12 -> 664620 | AF12: =+AB12/S12-1 -> 2.3065242 | AH12: 4868
A13: 3 | B13: Jabón de dispensador para manos | C13: - Con agente limpiador en una concentración mínima del 6% - Con agente humectante en una concentración mínima del 3% - pH entre 5,5 a 7 - Disponible en mínimo (2) dos fragancias - Debe contener concentraciones de fósforo iguales o inferiores a 0.65% de fósforo (Resolución 0689 de 2016) | D13: Compra | E13: Líquido, en recipiente plástico con capacidad mínima de 3.750 ml | F13: Requiere NSO | G13: Si | H13: 149 | I13: 41800 | J13: 55000 | K13: 17176 | M13: =+MIN(I13:K13) -> 17176 | N13: =(I13+K13)/2 -> 29488 | O13: =+ROUND(AVERAGE(M13:N13),0) -> 23332 | Q13: =+IF($Q$6=1,M13,IF($Q$6=2,N13,IF($Q$6=3,O13,0))) -> 23332 | S13: 5783 | T13: =(U9/T9)*V13 -> 9136.5827 | V13: 8299 | X13: =+MIN(Q13,T13) -> 9136.5827 | Y13: =+ROUND(AVERAGE(Q13,T13),0) -> 16234 | Z13: =+ROUND(AVERAGE(X13:Y13),0) -> 12685 | AB13: =Q13 -> 23332 | AC13: =+AB13*19% -> 4433.08 | AD13: =ROUND(SUM(AB13:AC13),0) -> 27765 | AE13: =+AD13*H13 -> 4136985 | AF13: =+AB13/S13-1 -> 3.0345841 | AH13: 4479
A14: 4 | B14: Detergente biodegradable multiusos en polvo | C14: - Con agente tensoactivo de mínimo 60% de biodegradabilidad -Con efecto limpiador de mínimo 9%. - El envase del producto deberá estar correctamente etiquetado bajo los parámetros: nombre comercial del producto, pictogramas de los compuestos peligrosos e instrucciones de uso - Debe contener concentraciones de fósforo iguales o inferiores a 0.65% de fósforo (Resolución 0689 de 2016) | D14: Compra | E14: Polvo, en bolsa plástica o recipiente plástico con un peso de 1.000 g | F14: Requiere NSO | G14: Si | H14: 197 | I14: 15400 | J14: 45000 | K14: 6933 | M14: =+MIN(I14:K14) -> 6933 | N14: =+ROUND(AVERAGE(I14,K14),0) -> 11167 | O14: =+ROUND(AVERAGE(M14:N14),0) -> 9050 | Q14: =+IF($Q$6=1,M14,IF($Q$6=2,N14,IF($Q$6=3,O14,0))) -> 9050 | X14: =+MIN(Q14,T14) -> 9050 | Y14: =+ROUND(AVERAGE(Q14,T14),0) -> 9050 | Z14: =+ROUND(AVERAGE(X14:Y14),0) -> 9050 | AB14: =Q14 -> 9050 | AC14: =+AB14*19% -> 1719.5 | AD14: =ROUND(SUM(AB14:AC14),0) -> 10770 | AE14: =+AD14*H14 -> 2121690 | AF14: =+AB14/S14-1 -> #DIV/0! | AH14: 8762
A15: 5 | B15: Limpiador desinfectante para uso general | C15: - Con agente(s) tensoactivo(s) con efecto antibacterial en una concentración mínima del 0,2% - Con agente(s) tensoactivo(s) con efecto limpiador y desengrasante en una concentración mínima del 1,5% - El envase debe estar correctamente etiquetado bajo los parámetros establecidos en el sistema globalmente armonizado (Decreto 1496 de 2018) indicando: nombre comercial del producto, pictogramas de los compuestos peligrosos si aplica e instrucciones de uso de acuerdo con los tiempos de transición descritos en el artículo 24 de la Resolución 773 de 2021. | D15: Compra | E15: Líquido, en recipiente plástico con capacidad mínima de 3.750 ml | F15: Requiere NSO | G15: Si | H15: 169 | I15: 37400 | J15: 196000 | K15: 12700 | M15: =+MIN(I15:K15) -> 12700 | N15: =+ROUND(AVERAGE(I15,K15),0) -> 25050 | O15: =+ROUND(AVERAGE(M15:N15),0) -> 18875 | Q15: =+IF($Q$6=1,M15,IF($Q$6=2,N15,IF($Q$6=3,O15,0))) -> 18875 | S15: 4965 | T15: =(U9/T9)*V15 -> 7842.9949 | V15: 7124 | X15: =+MIN(Q15,T15) -> 7842.9949 | Y15: =+ROUND(AVERAGE(Q15,T15),0) -> 13359 | Z15: =+ROUND(AVERAGE(X15:Y15),0) -> 10601 | AB15: =Q15 -> 18875 | AC15: =+AB15*19% -> 3586.25 | AD15: =ROUND(SUM(AB15:AC15),0) -> 22461 | AE15: =+AD15*H15 -> 3795909 | AF15: =+AB15/S15-1 -> 2.8016113 | AH15: 10223
A16: 6 | B16: Líquido para limpiar vidrios 1 | C16: - Con agente(s) principal(es) con efecto limpiador y desengrasante en una concentración mínima del 4% - Disponible mínimo en dos (2) fragancias - El envase debe estar correctamente etiquetados bajo los parámetros establecidos en el sistema globalmente armonizado indicando: nombre comercial del producto, pictogramas de los compuestos peligrosos e instrucciones de uso | D16: Compra | E16: Líquido, en recipiente plástico con capacidad mínima de 3.750 ml | F16: Requiere NSO | G16: Si | H16: 80 | I16: 30800 | J16: 85600 | K16: 11445 | M16: =+MIN(I16:K16) -> 11445 | N16: =+ROUND(AVERAGE(I16,K16),0) -> 21123 | O16: =+ROUND(AVERAGE(M16:N16),0) -> 16284 | Q16: =+IF($Q$6=1,M16,IF($Q$6=2,N16,IF($Q$6=3,O16,0))) -> 16284 | S16: 4002 | T16: =(U9/T9)*V16 -> 6321.5156 | V16: 5742 | X16: =+MIN(Q16,T16) -> 6321.5156 | Y16: =+ROUND(AVERAGE(Q16,T16),0) -> 11303 | Z16: =+ROUND(AVERAGE(X16:Y16),0) -> 8812 | AB16: =Q16 -> 16284 | AC16: =+AB16*19% -> 3093.96 | AD16: =ROUND(SUM(AB16:AC16),0) -> 19378 | AE16: =+AD16*H16 -> 1550240 | AF16: =+AB16/S16-1 -> 3.0689655 | AH16: 7400
A17: 7 | B17: Blanqueador o hipoclorito 1 | C17: - Solución con una concentración mínima del 5% - El envase del producto deberá estar correctamente etiquetado, indicando: nombre comercial del producto, pictogramas de los compuestos peligrosos e instrucciones de uso - El envase debe estar correctamente etiquetado bajo los parámetros establecidos en el sistema globalmente armonizado (Decreto 1496 de 2018) indicando: nombre comercial del producto, pictogramas de los compuestos peligrosos si aplica e instrucciones de uso de acuerdo con los tiempos de transición descritos en el artículo 24 de la Resolución 773 de 2021. | D17: Compra | E17: Líquido, en recipiente plástico con capacidad mínima de 3.750 ml | F17: Requiere NSO | G17: No | H17: 218 | I17: 19800 | J17: 152000 | K17: 9600 | M17: =+MIN(I17:K17) -> 9600 | N17: =+ROUND(AVERAGE(I17,K17),0) -> 14700 | O17: =+ROUND(AVERAGE(M17:N17),0) -> 12150 | Q17: =+IF($Q$6=1,M17,IF($Q$6=2,N17,IF($Q$6=3,O17,0))) -> 12150 | S17: 4356 | T17: =(U9/T9)*V17 -> 6881.8868 | V17: 6251 | X17: =+MIN(Q17,T17) -> 6881.8868 | Y17: =+ROUND(AVERAGE(Q17,T17),0) -> 9516 | Z17: =+ROUND(AVERAGE(X17:Y17),0) -> 8199 | AB17: =Q17 -> 12150 | AC17: =+AB17*19% -> 2308.5 | AD17: =ROUND(SUM(AB17:AC17),0) -> 14459 | AE17: =+AD17*H17 -> 3152062 | AF17: =+AB17/S17-1 -> 1.7892562 | AH17: 12073
A18: 8 | B18: Creolina 2 | C18: - Solución con una concentración mínima de fenoles de 4% | D18: Compra | E18: Líquido, en recipiente plástico con capacidad mínima de 3.750 ml | F18: Requiere NSO | G18: Si | H18: 61 | I18: 46200 | J18: 180000 | K18: 32250 | M18: =+MIN(I18:K18) -> 32250 | N18: =+ROUND(AVERAGE(I18,K18),0) -> 39225 | O18: =+ROUND(AVERAGE(M18:N18),0) -> 35738 | Q18: =+IF($Q$6=1,M18,IF($Q$6=2,N18,IF($Q$6=3,O18,0))) -> 35738 | S18: 6263 | T18: =(U9/T9)*V18 -> 9894.0196 | V18: 8987 | X18: =+MIN(Q18,T18) -> 9894.0196 | Y18: =+ROUND(AVERAGE(Q18,T18),0) -> 22816 | Z18: =+ROUND(AVERAGE(X18:Y18),0) -> 16355 | AB18: =Q18 -> 35738 | AC18: =+AB18*19% -> 6790.22 | AD18: =ROUND(SUM(AB18:AC18),0) -> 42528 | AE18: =+AD18*H18 -> 2594208 | AF18: =+AB18/S18-1 -> 4.7062111 | AH18: 17525
A19: 9 | B19: Cera polimérica | C19: - Polimérica autobrillante. - Con polímeros acrílicos, nivelantes y plastificantes. - Neutra (para pisos de todos los colores) - Contenido mínimo de sólidos del 10% | D19: Compra | E19: Líquido, en recipiente plástico con capacidad mínima de 3.750 ml | F19: No requiere | G19: No | H19: 42 | I19: 85800 | J19: 260000 | K19: 23250 | M19: =+MIN(I19:K19) -> 23250 | N19: =+ROUND(AVERAGE(I19,K19),0) -> 54525 | O19: =+ROUND(AVERAGE(M19:N19),0) -> 38888 | Q19: =+IF($Q$6=1,M19,IF($Q$6=2,N19,IF($Q$6=3,O19,0))) -> 38888 | S19: 13144 | T19: =(U9/T9)*V19 -> 20762.358 | V19: 18859 | X19: =+MIN(Q19,T19) -> 20762.358 | Y19: =+ROUND(AVERAGE(Q19,T19),0) -> 29825 | Z19: =+ROUND(AVERAGE(X19:Y19),0) -> 25294 | AB19: =Q19 -> 38888 | AC19: =+AB19*19% -> 7388.72 | AD19: =ROUND(SUM(AB19:AC19),0) -> 46277 | AE19: =+AD19*H19 -> 1943634 | AF19: =+AB19/S19-1 -> 1.9586123 | AH19: 30184
A20: 10 | B20: Sellante para pisos | C20: - Polimérico autobrillante. - Con polímeros acrílicos, nivelantes y plastificantes. - Contenido mínimo de sólidos del 20% - El envase debe estar correctamente etiquetado bajo los parámetros establecidos en el sistema globalmente armonizado (Decreto 1496 de 2018) indicando: nombre comercial del producto, pictogramas de los compuestos peligrosos si aplica e instrucciones de uso de acuerdo con los tiempos de transición descritos en el artículo 24 de la Resolución 773 de 2021. | D20: Compra | E20: Líquido, en recipiente plástico con capacidad mínima de 3.750 ml | F20: No requiere | G20: No | H20: 15 | I20: 126500 | J20: 185000 | K20: 29550 | M20: =+MIN(I20:K20) -> 29550 | N20: =+ROUND(AVERAGE(I20,K20),0) -> 78025 | O20: =+ROUND(AVERAGE(M20:N20),0) -> 53788 | Q20: =N20 -> 78025 | S20: 25520 | T20: =(U9/T9)*V20 -> 40312.598 | V20: 36617 | X20: =+MIN(Q20,T20) -> 40312.598 | Y20: =+ROUND(AVERAGE(Q20,T20),0) -> 59169 | Z20: =+ROUND(AVERAGE(X20:Y20),0) -> 49741 | AB20: =Q20 -> 78025 | AC20: =+AB20*19% -> 14824.75 | AD20: =ROUND(SUM(AB20:AC20),0) -> 92850 | AE20: =+AD20*H20 -> 1392750 | AF20: =+AB20/S20-1 -> 2.057406 | AH20: 23367
A21: 11 | B21: Varsol ecológico 2 | C21: - Solución con agentes desinfectantes, desmanchadores y desengrasantes en concentración mínima del 15%. - Biodegradable mínimo en un 95% | D21: Compra | E21: Líquido, en recipiente plástico con capacidad mínima de 3.750 ml | F21: Requiere NSO | G21: Si | H21: 102 | I21: 39600 | J21: 160000 | K21: 70050 | M21: =+MIN(I21:K21) -> 39600 | N21: =+ROUND(AVERAGE(I21,K21),0) -> 54825 | O21: =+ROUND(AVERAGE(M21:N21),0) -> 47213 | Q21: =+IF($Q$6=1,M21,IF($Q$6=2,N21,IF($Q$6=3,O21,0))) -> 47213 | X21: =+MIN(Q21,T21) -> 47213 | Y21: =+ROUND(AVERAGE(Q21,T21),0) -> 47213 | Z21: =+ROUND(AVERAGE(X21:Y21),0) -> 47213 | AB21: =Q21 -> 47213 | AC21: =+AB21*19% -> 8970.47 | AD21: =ROUND(SUM(AB21:AC21),0) -> 56183 | AE21: =+AD21*H21 -> 5730666 | AF21: =+AB21/S21-1 -> #DIV/0! | AH21: 25315
A22: 12 | B22: Ambientador 2 | C22: - Solución con alcohol etílico y solventes. - Con fragancia en una concentración del 1,5% - En múltiples fragancias - libre de CFC - Envase correctamente etiquetado bajo los parámetros establecidos indicando: nombre comercial del producto, pictogramas de los compuestos peligrosos e instrucciones de uso. - Elaborado en material reciclable | D22: Compra | E22: Líquido, en aerosol seguro para la capa de ozono con capacidad mínima de 360 ml | F22: Requiere NSO | G22: Si | H22: 157 | I22: 15400 | J22: 63000 | K22: 12500 | M22: =+MIN(I22:K22) -> 12500 | N22: =+ROUND(AVERAGE(I22,K22),0) -> 13950 | O22: =+ROUND(AVERAGE(M22:N22),0) -> 13225 | Q22: =+IF($Q$6=1,M22,IF($Q$6=2,N22,IF($Q$6=3,O22,0))) -> 13225 | X22: =+MIN(Q22,T22) -> 13225 | Y22: =+ROUND(AVERAGE(Q22,T22),0) -> 13225 | Z22: =+ROUND(AVERAGE(X22:Y22),0) -> 13225 | AB22: =Q22 -> 13225 | AC22: =+AB22*19% -> 2512.75 | AD22: =ROUND(SUM(AB22:AC22),0) -> 15738 | AE22: =+AD22*H22 -> 2470866 | AF22: =+AB22/S22-1 -> #DIV/0! | AH22: 13242
A23: 13 | B23: Paño absorbente multiusos 2 | C23: - Retira el polvo sin dejar residuos ni pelusas - Antibacterial reutilizable - Tela con microporos - Tamaño mínimo de 58 cm de largo por 33 cm de ancho | D23: Compra | E23: Unidad | F23: No requiere | G23: No | H23: 90 | I23: 8800 | J23: 30000 | K23: 3800 | M23: =+MIN(I23:K23) -> 3800 | N23: =+ROUND(AVERAGE(I23,K23),0) -> 6300 | O23: =+ROUND(AVERAGE(M23:N23),0) -> 5050 | Q23: =+IF($Q$6=1,M23,IF($Q$6=2,N23,IF($Q$6=3,O23,0))) -> 5050 | X23: =+MIN(Q23,T23) -> 5050 | Y23: =+ROUND(AVERAGE(Q23,T23),0) -> 5050 | Z23: =+ROUND(AVERAGE(X23:Y23),0) -> 5050 | AB23: =Q23 -> 5050 | AC23: =+AB23*19% -> 959.5 | AD23: =ROUND(SUM(AB23:AC23),0) -> 6010 | AE23: =+AD23*H23 -> 540900 | AF23: =+AB23/S23-1 -> #DIV/0! | AH23: 1879
A24: 14 | B24: Esponjilla 1 | C24: - Espuma enmallada - Tamaño mínimo de 7 cm de largo por 10 cm de ancho | D24: Compra | E24: Unidad | F24: No requiere | G24: No | H24: 96 | I24: 3300 | J24: 22000 | K24: 1100 | M24: =+MIN(I24:K24) -> 1100 | N24: =+ROUND(AVERAGE(I24,K24),0) -> 2200 | O24: =+ROUND(AVERAGE(M24:N24),0) -> 1650 | Q24: =+IF($Q$6=1,M24,IF($Q$6=2,N24,IF($Q$6=3,O24,0))) -> 1650 | S24: 477 | T24: =(U9/T9)*V24 -> 754.13413 | V24: 685 | X24: =+MIN(Q24,T24) -> 754.13413 | Y24: =+ROUND(AVERAGE(Q24,T24),0) -> 1202 | Z24: =+ROUND(AVERAGE(X24:Y24),0) -> 978 | AB24: =Q24 -> 1650 | AC24: =+AB24*19% -> 313.5 | AD24: =ROUND(SUM(AB24:AC24),0) -> 1964 | AE24: =+AD24*H24 -> 188544 | AF24: =+AB24/S24-1 -> 2.4591195 | AH24: 1893
A25: 15 | B25: Esponjilla 2 | C25: - Abrasiva - Tamaño mínimo de 9 cm de largo por 12 cm de | D25: Compra | E25: Unidad | F25: No requiere | G25: No | H25: 75 | I25: 4400 | J25: 22000 | K25: 700 | M25: =+MIN(I25:K25) -> 700 | N25: =+ROUND(AVERAGE(I25,K25),0) -> 2550 | O25: =+ROUND(AVERAGE(M25:N25),0) -> 1625 | Q25: =+IF($Q$6=1,M25,IF($Q$6=2,N25,IF($Q$6=3,O25,0))) -> 1625 | S25: 256 | T25: =(U9/T9)*V25 -> 405.14067 | V25: 368 | X25: =+MIN(Q25,T25) -> 405.14067 | Y25: =+ROUND(AVERAGE(Q25,T25),0) -> 1015 | Z25: =+ROUND(AVERAGE(X25:Y25),0) -> 710 | AB25: =Q25 -> 1625 | AC25: =+AB25*19% -> 308.75 | AD25: =ROUND(SUM(AB25:AC25),0) -> 1934 | AE25: =+AD25*H25 -> 145050 | AF25: =+AB25/S25-1 -> 5.3476562 | AH25: 461
A26: 16 | B26: Escoba 2 | C26: - Cerdas duras elaboradas con PET calibre entre 0,4 y 0,6 mm. - Área de barrido mínima de 25 cm de largo por 8 cm de ancho por 10 cm de alto - Material de base en plástico con acople tipo rosca | D26: Compra | E26: Unidad | F26: No requiere | G26: No | H26: 130 | I26: 24200 | J26: 32000 | K26: 7000 | M26: =+MIN(I26:K26) -> 7000 | N26: =+ROUND(AVERAGE(I26,K26),0) -> 15600 | O26: =+ROUND(AVERAGE(M26:N26),0) -> 11300 | Q26: =+IF($Q$6=1,M26,IF($Q$6=2,N26,IF($Q$6=3,O26,0))) -> 11300 | X26: =+MIN(Q26,T26) -> 11300 | Y26: =+ROUND(AVERAGE(Q26,T26),0) -> 11300 | Z26: =+ROUND(AVERAGE(X26:Y26),0) -> 11300 | AB26: =Q26 -> 11300 | AC26: =+AB26*19% -> 2147 | AD26: =ROUND(SUM(AB26:AC26),0) -> 13447 | AE26: =+AD26*H26 -> 1748110 | AF26: =+AB26/S26-1 -> #DIV/0! | AH26: 4868
A27: 17 | B27: Mango madera escoba | C27: - Extensión mínima de 140 cm -Acople plástico o rosca para palos de escoba | D27: Compra | E27: Unidad | F27: No requiere | G27: No | H27: 65 | I27: 12100 | J27: 25000 | K27: 4951 | M27: =+MIN(I27:K27) -> 4951 | N27: =+ROUND(AVERAGE(I27,K27),0) -> 8526 | O27: =+ROUND(AVERAGE(M27:N27),0) -> 6739 | Q27: =+IF($Q$6=1,M27,IF($Q$6=2,N27,IF($Q$6=3,O27,0))) -> 6739 | X27: =+MIN(Q27,T27) -> 6739 | Y27: =+ROUND(AVERAGE(Q27,T27),0) -> 6739 | Z27: =+ROUND(AVERAGE(X27:Y27),0) -> 6739 | AB27: =Q27 -> 6739 | AC27: =+AB27*19% -> 1280.41 | AD27: =ROUND(SUM(AB27:AC27),0) -> 8019 | AE27: =+AD27*H27 -> 521235 | AF27: =+AB27/S27-1 -> #DIV/0! | AH27: 10711
A28: 18 | B28: Trapero 1 | C28: - Elaborado con hilaza de algodón natural - Mecha con peso mínimo 250 gr y extensión mínima de 32 cm de largo - Material de base en plástico con acople tipo rosca | D28: Compra | E28: Unidad | F28: No requiere | G28: No | H28: 200 | I28: 19800 | J28: 32000 | K28: 11975 | M28: =+MIN(I28:K28) -> 11975 | N28: =+ROUND(AVERAGE(I28,K28),0) -> 15888 | O28: =+ROUND(AVERAGE(M28:N28),0) -> 13932 | Q28: =+IF($Q$6=1,M28,IF($Q$6=2,N28,IF($Q$6=3,O28,0))) -> 13932 | X28: =+MIN(Q28,T28) -> 13932 | Y28: =+ROUND(AVERAGE(Q28,T28),0) -> 13932 | Z28: =+ROUND(AVERAGE(X28:Y28),0) -> 13932 | AB28: =Q28 -> 13932 | AC28: =+AB28*19% -> 2647.08 | AD28: =ROUND(SUM(AB28:AC28),0) -> 16579 | AE28: =+AD28*H28 -> 3315800 | AF28: =+AB28/S28-1 -> #DIV/0! | AH28: 9736
A29: 19 | B29: Mango madera trapero | C29: - Extensión mínima de 140 cm - Acople plástico o rosca para palos de escoba | D29: Compra | E29: Unidad | F29: No requiere | G29: No | H29: 90 | I29: 12100 | J29: 25000 | K29: 5000 | M29: =+MIN(I29:K29) -> 5000 | N29: =+ROUND(AVERAGE(I29,K29),0) -> 8550 | O29: =+ROUND(AVERAGE(M29:N29),0) -> 6775 | Q29: =+IF($Q$6=1,M29,IF($Q$6=2,N29,IF($Q$6=3,O29,0))) -> 6775 | X29: =+MIN(Q29,T29) -> 6775 | Y29: =+ROUND(AVERAGE(Q29,T29),0) -> 6775 | Z29: =+ROUND(AVERAGE(X29:Y29),0) -> 6775 | AB29: =Q29 -> 6775 | AC29: =+AB29*19% -> 1287.25 | AD29: =ROUND(SUM(AB29:AC29),0) -> 8062 | AE29: =+AD29*H29 -> 725580 | AF29: =+AB29/S29-1 -> #DIV/0!
A30: 20 | B30: Cepillo para sanitario (churrusco) | C30: - Cerdas duras elaboradas en fibras plásticas - Extensión mínima de las cerdas es de 2,5 cm - Base y mango elaborados en plástico - Mango con longitud mínima de 33 cm (incluida la medida del cepillo) | D30: Compra | E30: Unidad | F30: No requiere | G30: No | H30: 35 | I30: 15400 | J30: 38000 | K30: 8403 | M30: =+MIN(I30:K30) -> 8403 | N30: =+ROUND(AVERAGE(I30,K30),0) -> 11902 | O30: =+ROUND(AVERAGE(M30:N30),0) -> 10153 | Q30: =+IF($Q$6=1,M30,IF($Q$6=2,N30,IF($Q$6=3,O30,0))) -> 10153 | S30: 2576 | T30: =(U9/T9)*V30 -> 4070.1224 | V30: 3697 | X30: =+MIN(Q30,T30) -> 4070.1224 | Y30: =+ROUND(AVERAGE(Q30,T30),0) -> 7112 | Z30: =+ROUND(AVERAGE(X30:Y30),0) -> 5591 | AB30: =Q30 -> 10153 | AC30: =+AB30*19% -> 1929.07 | AD30: =ROUND(SUM(AB30:AC30),0) -> 12082 | AE30: =+AD30*H30 -> 422870 | AF30: =+AB30/S30-1 -> 2.941382 | AH30: 7205
A31: 21 | B31: Boneth 2 | C31: - Diámetro mínimo de 20 pulgadas - Elaborado en hilaza de algodón | D31: Compra | E31: Unidad | F31: No requiere | G31: No | H31: 27 | I31: 46200 | J31: 62000 | M31: =+MIN(I31:J31) -> 46200 | N31: =+ROUND(AVERAGE(I31,J31),0) -> 54100 | O31: =+ROUND(AVERAGE(M31:N31),0) -> 50150 | Q31: =+IF($Q$6=1,M31,IF($Q$6=2,N31,IF($Q$6=3,O31,0))) -> 50150 | S31: 33512 | T31: =(U9/T9)*V31 -> 52935.812 | V31: 48083 | X31: =+MIN(Q31,T31) -> 50150 | Y31: =+ROUND(AVERAGE(Q31,T31),0) -> 51543 | Z31: =+ROUND(AVERAGE(X31:Y31),0) -> 50847 | AB31: =Q31 -> 50150 | AC31: =+AB31*19% -> 9528.5 | AD31: =ROUND(SUM(AB31:AC31),0) -> 59679 | AE31: =+AD31*H31 -> 1611333 | AF31: =+AB31/S31-1 -> 0.49647887 | AH31: 96524
A32: 22 | B32: Bolsas plásticas 1 | C32: - Elaborada en polietileno de baja densidad - De color negro - Calibre de mínimo 1 - Tamaño de 40 cm de ancho por 55 cm de largo | D32: Compra | E32: Paquete de mínimo 6 | F32: No requiere | G32: Si | H32: 499 | I32: 7700 | J32: 45000 | K32: 5500 | M32: =+MIN(I32:K32) -> 5500 | N32: =+ROUND(AVERAGE(I32,K32),0) -> 6600 | O32: =+ROUND(AVERAGE(M32:N32),0) -> 6050 | Q32: =+IF($Q$6=1,M32,IF($Q$6=2,N32,IF($Q$6=3,O32,0))) -> 6050 | S32: 601 | T32: =(U9/T9)*V32 -> 950.09891 | V32: 863 | X32: =+MIN(Q32,T32) -> 950.09891 | Y32: =+ROUND(AVERAGE(Q32,T32),0) -> 3500 | Z32: =+ROUND(AVERAGE(X32:Y32),0) -> 2225 | AB32: =Q32 -> 6050 | AC32: =+AB32*19% -> 1149.5 | AD32: =ROUND(SUM(AB32:AC32),0) -> 7200 | AE32: =+AD32*H32 -> 3592800 | AF32: =+AB32/S32-1 -> 9.0665557 | AH32: 1438
A33: 23 | B33: Bolsas plásticas 11 | C33: - Elaborada en polietileno de baja densidad - De color rojo - Calibre de mínimo 2 - Tamaño de 60 cm de ancho por 70 cm de largo - Con impresión de aviso de riesgo biológico | D33: Compra | E33: Paquete de mínimo 6 | F33: No requiere | G33: Si | H33: 50 | I33: 19800 | J33: 60000 | K33: 4500 | M33: =+MIN(I33:K33) -> 4500 | N33: =+ROUND(AVERAGE(I33,K33),0) -> 12150 | O33: =+ROUND(AVERAGE(M33:N33),0) -> 8325 | Q33: =+IF($Q$6=1,M33,IF($Q$6=2,N33,IF($Q$6=3,O33,0))) -> 8325 | X33: =+MIN(Q33,T33) -> 8325 | Y33: =+ROUND(AVERAGE(Q33,T33),0) -> 8325 | Z33: =+ROUND(AVERAGE(X33:Y33),0) -> 8325 | AB33: =Q33 -> 8325 | AC33: =+AB33*19% -> 1581.75 | AD33: =ROUND(SUM(AB33:AC33),0) -> 9907 | AE33: =+AD33*H33 -> 495350 | AF33: =+AB33/S33-1 -> #DIV/0! | AH33: 2899
A34: 24 | B34: Bolsas plásticas 15 | C34: - Elaborada en polietileno de baja densidad - De color negro - Calibre de mínimo 2 - Tamaño de 70 cm de ancho por 90 cm de largo | D34: Compra | E34: Paquete de mínimo 6 | F34: No requiere | G34: Si | H34: 707 | I34: 20900 | J34: 70000 | K34: 5800 | M34: =+MIN(I34:K34) -> 5800 | N34: =+ROUND(AVERAGE(I34,K34),0) -> 13350 | O34: =+ROUND(AVERAGE(M34:N34),0) -> 9575 | Q34: =+IF($Q$6=1,M34,IF($Q$6=2,N34,IF($Q$6=3,O34,0))) -> 9575 | S34: 1576 | T34: =(U9/T9)*V34 -> 2491.3949 | V34: 2263 | X34: =+MIN(Q34,T34) -> 2491.3949 | Y34: =+ROUND(AVERAGE(Q34,T34),0) -> 6033 | Z34: =+ROUND(AVERAGE(X34:Y34),0) -> 4262 | AB34: =Q34 -> 9575 | AC34: =+AB34*19% -> 1819.25 | AD34: =ROUND(SUM(AB34:AC34),0) -> 11394 | AE34: =+AD34*H34 -> 8055558 | AF34: =+AB34/S34-1 -> 5.0755076 | AH34: 4351
A35: 25 | B35: Bolsas plásticas 16 | C35: - Elaborada en polietileno de baja densidad - De color verde - Calibre de mínimo 2 - Tamaño de 70 cm de ancho por 90 cm de largo | D35: Compra | E35: Paquete de mínimo 6 | F35: No requiere | G35: Si | H35: 325 | I35: 20900 | J35: 70000 | K35: 5800 | M35: =+MIN(I35:K35) -> 5800 | N35: =+ROUND(AVERAGE(I35,K35),0) -> 13350 | O35: =+ROUND(AVERAGE(M35:N35),0) -> 9575 | Q35: =+IF($Q$6=1,M35,IF($Q$6=2,N35,IF($Q$6=3,O35,0))) -> 9575 | X35: =+MIN(Q35,T35) -> 9575 | Y35: =+ROUND(AVERAGE(Q35,T35),0) -> 9575 | Z35: =+ROUND(AVERAGE(X35:Y35),0) -> 9575 | AB35: =Q35 -> 9575 | AC35: =+AB35*19% -> 1819.25 | AD35: =ROUND(SUM(AB35:AC35),0) -> 11394 | AE35: =+AD35*H35 -> 3703050 | AF35: =+AB35/S35-1 -> #DIV/0! | AH35: 4351
A36: 26 | B36: Bolsas plásticas 17 | C36: - Elaborada en polietileno de baja densidad - De color blanco - Calibre de mínimo 2 - Tamaño de 70 cm de ancho por 90 cm de largo | D36: Compra | E36: Paquete de mínimo 6 | F36: No requiere | G36: Si | H36: 352 | I36: 20900 | J36: 70000 | K36: 5800 | M36: =+MIN(I36:K36) -> 5800 | N36: =+ROUND(AVERAGE(I36,K36),0) -> 13350 | O36: =+ROUND(AVERAGE(M36:N36),0) -> 9575 | Q36: =+IF($Q$6=1,M36,IF($Q$6=2,N36,IF($Q$6=3,O36,0))) -> 9575 | S36: 1539 | T36: =(U9/T9)*V36 -> 2431.9449 | V36: 2209 | X36: =+MIN(Q36,T36) -> 2431.9449 | Y36: =+ROUND(AVERAGE(Q36,T36),0) -> 6003 | Z36: =+ROUND(AVERAGE(X36:Y36),0) -> 4217 | AB36: =Q36 -> 9575 | AC36: =+AB36*19% -> 1819.25 | AD36: =ROUND(SUM(AB36:AC36),0) -> 11394 | AE36: =+AD36*H36 -> 4010688 | AF36: =+AB36/S36-1 -> 5.2215724 | AH36: 4351
A37: 27 | B37: Bolsas plásticas 18 | C37: - Elaborada en polietileno de baja densidad - De color rojo - Calibre de mínimo 2 - Tamaño de 70 cm de ancho por 90 cm de largo - Con impresión de aviso de riesgo biológico | D37: Compra | E37: Paquete de mínimo 6 | F37: No requiere | G37: Si | H37: 20 | I37: 23100 | J37: 70000 | K37: 5800 | M37: =+MIN(I37:K37) -> 5800 | N37: =+ROUND(AVERAGE(I37,K37),0) -> 14450 | O37: =+ROUND(AVERAGE(M37:N37),0) -> 10125 | Q37: =+IF($Q$6=1,M37,IF($Q$6=2,N37,IF($Q$6=3,O37,0))) -> 10125 | X37: =+MIN(Q37,T37) -> 10125 | Y37: =+ROUND(AVERAGE(Q37,T37),0) -> 10125 | Z37: =+ROUND(AVERAGE(X37:Y37),0) -> 10125 | AB37: =Q37 -> 10125 | AC37: =+AB37*19% -> 1923.75 | AD37: =ROUND(SUM(AB37:AC37),0) -> 12049 | AE37: =+AD37*H37 -> 240980 | AF37: =+AB37/S37-1 -> #DIV/0! | AH37: 4351
A38: 28 | B38: Bolsas plásticas 21 | C38: - Elaborada en polietileno de baja densidad - De color negro - Calibre de mínimo 3 - Tamaño de 80 cm de ancho por 110 cm de largo | D38: Compra | E38: Paquete de mínimo 6 | F38: No requiere | G38: Si | H38: 461 | I38: 28600 | J38: 90000 | K38: 11223 | M38: =+MIN(I38:K38) -> 11223 | N38: =+ROUND(AVERAGE(I38,K38),0) -> 19912 | O38: =+ROUND(AVERAGE(M38:N38),0) -> 15568 | Q38: =+IF($Q$6=1,M38,IF($Q$6=2,N38,IF($Q$6=3,O38,0))) -> 15568 | X38: =+MIN(Q38,T38) -> 15568 | Y38: =+ROUND(AVERAGE(Q38,T38),0) -> 15568 | Z38: =+ROUND(AVERAGE(X38:Y38),0) -> 15568 | AB38: =Q38 -> 15568 | AC38: =+AB38*19% -> 2957.92 | AD38: =ROUND(SUM(AB38:AC38),0) -> 18526 | AE38: =+AD38*H38 -> 8540486 | AF38: =+AB38/S38-1 -> #DIV/0! | AH38: 6076
A39: 29 | B39: Bolsas plásticas 24 | C39: - Elaborada en polietileno de baja densidad - De color rojo -Calibre de mínimo 3 - Tamaño de 80 cm de ancho por 110 cm de largo - Con impresión de aviso de riesgo biológico | D39: Compra | E39: Paquete de mínimo 6 | F39: No requiere | G39: Si | H39: 20 | I39: 30800 | J39: 90000 | K39: 11223 | M39: =+MIN(I39:K39) -> 11223 | N39: =+ROUND(AVERAGE(I39,K39),0) -> 21012 | O39: =+ROUND(AVERAGE(M39:N39),0) -> 16118 | Q39: =+IF($Q$6=1,M39,IF($Q$6=2,N39,IF($Q$6=3,O39,0))) -> 16118 | X39: =+MIN(Q39,T39) -> 16118 | Y39: =+ROUND(AVERAGE(Q39,T39),0) -> 16118 | Z39: =+ROUND(AVERAGE(X39:Y39),0) -> 16118 | AB39: =Q39 -> 16118 | AC39: =+AB39*19% -> 3062.42 | AD39: =ROUND(SUM(AB39:AC39),0) -> 19180 | AE39: =+AD39*H39 -> 383600 | AF39: =+AB39/S39-1 -> #DIV/0! | AH39: 6076
A40: 30 | B40: Guantes 3 | C40: - Tipo doméstico - Elaborados en látex - Calibre mínimo de 25 - Tallas 7 a 9 o S a XL - Color negro | D40: Compra | E40: Par | F40: No requiere | G40: No | H40: 144 | I40: 13200 | J40: 36000 | K40: 7311 | M40: =+MIN(I40:K40) -> 7311 | N40: =+ROUND(AVERAGE(I40,K40),0) -> 10256 | O40: =+ROUND(AVERAGE(M40:N40),0) -> 8784 | Q40: =+IF($Q$6=1,M40,IF($Q$6=2,N40,IF($Q$6=3,O40,0))) -> 8784 | S40: 2624 | T40: =(U9/T9)*V40 -> 4146.0863 | V40: 3766 | X40: =+MIN(Q40,T40) -> 4146.0863 | Y40: =+ROUND(AVERAGE(Q40,T40),0) -> 6465 | Z40: =+ROUND(AVERAGE(X40:Y40),0) -> 5306 | AB40: =Q40 -> 8784 | AC40: =+AB40*19% -> 1668.96 | AD40: =ROUND(SUM(AB40:AC40),0) -> 10453 | AE40: =+AD40*H40 -> 1505232 | AF40: =+AB40/S40-1 -> 2.347561 | AH40: 6634
A41: 31 | B41: Papel higiénico 1 | C41: - Rollo con longitud mínima de 32 metros - Doble hoja blanca - Sin fragancia | D41: Compra | E41: Rollo | F41: No requiere | G41: Si | H41: 640 | I41: 2750 | J41: 15000 | K41: 3782 | M41: =+MIN(I41:K41) -> 2750 | N41: =+ROUND(AVERAGE(I41,K41),0) -> 3266 | O41: =+ROUND(AVERAGE(M41:N41),0) -> 3008 | Q41: =+IF($Q$6=1,M41,IF($Q$6=2,N41,IF($Q$6=3,O41,0))) -> 3008 | S41: 884 | T41: =(U9/T9)*V41 -> 1397.0748 | V41: 1269 | X41: =+MIN(Q41,T41) -> 1397.0748 | Y41: =+ROUND(AVERAGE(Q41,T41),0) -> 2203 | Z41: =+ROUND(AVERAGE(X41:Y41),0) -> 1800 | AB41: =Q41 -> 3008 | AC41: =+AB41*19% -> 571.52 | AD41: =ROUND(SUM(AB41:AC41),0) -> 3580 | AE41: =+AD41*H41 -> 2291200 | AF41: =+AB41/S41-1 -> 2.4027149
A42: 32 | B42: Papel higiénico 4 | C42: - Rollo con longitud mínima de 250 metros - Doble hoja blanca - Sin fragancia | D42: Compra | E42: Rollo | F42: No requiere | G42: Si | H42: 589 | I42: 19800 | J42: 46888 | K42: 17618 | M42: =+MIN(I42:K42) -> 17618 | N42: =+ROUND(AVERAGE(I42,K42),0) -> 18709 | O42: =+ROUND(AVERAGE(M42:N42),0) -> 18164 | Q42: =+IF($Q$6=1,M42,IF($Q$6=2,N42,IF($Q$6=3,O42,0))) -> 18164 | S42: 5864 | T42: =(U9/T9)*V42 -> 9264.29 | V42: 8415 | X42: =+MIN(Q42,T42) -> 9264.29 | Y42: =+ROUND(AVERAGE(Q42,T42),0) -> 13714 | Z42: =+ROUND(AVERAGE(X42:Y42),0) -> 11489 | AB42: =Q42 -> 18164 | AC42: =+AB42*19% -> 3451.16 | AD42: =ROUND(SUM(AB42:AC42),0) -> 21615 | AE42: =+AD42*H42 -> 12731235 | AF42: =+AB42/S42-1 -> 2.0975443 | AH42: 18080
A43: 33 | B43: Toallas para manos 5 | C43: - Toallas interdobladas, paquete con mínimo 150 unidades - Doble hoja con un tamaño mínimo de 20 cm de largo por 15 cm de ancho - Hoja color natural | D43: Compra | E43: Unidad | F43: No requiere | G43: Si | H43: 1057 | I43: 12100 | J43: 36000 | K43: 22000 | M43: =+MIN(I43:K43) -> 12100 | N43: =+ROUND(AVERAGE(I43,K43),0) -> 17050 | O43: =+ROUND(AVERAGE(M43:N43),0) -> 14575 | Q43: =+IF($Q$6=1,M43,IF($Q$6=2,N43,IF($Q$6=3,O43,0))) -> 14575 | S43: 4013 | T43: =(U9/T9)*V43 -> 6340.2313 | V43: 5759 | X43: =+MIN(Q43,T43) -> 6340.2313 | Y43: =+ROUND(AVERAGE(Q43,T43),0) -> 10458 | Z43: =+ROUND(AVERAGE(X43:Y43),0) -> 8399 | AB43: =Q43 -> 14575 | AC43: =+AB43*19% -> 2769.25 | AD43: =ROUND(SUM(AB43:AC43),0) -> 17344 | AE43: =+AD43*H43 -> 18332608 | AF43: =+AB43/S43-1 -> 2.6319462 | AH43: 8958
A44: 34 | B44: Vasos biodegradables 1 | C44: - Elaborado en cartón 100% biodegradable - Capacidad mínima de 4 oz | D44: Compra | E44: Paquete de mínimo 50 unidades | F44: No requiere | G44: Si | H44: 1104 | I44: 13200 | J44: 29600 | K44: 3500 | M44: =+MIN(I44:K44) -> 3500 | N44: =+ROUND(AVERAGE(I44,K44),0) -> 8350 | O44: =+ROUND(AVERAGE(M44:N44),0) -> 5925 | Q44: =+IF($Q$6=1,M44,IF($Q$6=2,N44,IF($Q$6=3,O44,0))) -> 5925 | X44: =+MIN(Q44,T44) -> 5925 | Y44: =+ROUND(AVERAGE(Q44,T44),0) -> 5925 | Z44: =+ROUND(AVERAGE(X44:Y44),0) -> 5925 | AB44: =Q44 -> 5925 | AC44: =+AB44*19% -> 1125.75 | AD44: =ROUND(SUM(AB44:AC44),0) -> 7051 | AE44: =+AD44*H44 -> 7784304 | AF44: =+AB44/S44-1 -> #DIV/0!
A45: 35 | B45: Vasos biodegradables 2 | C45: - Elaborado en cartón 100% biodegradable - Capacidad mínima de 7 oz | D45: Compra | E45: Paquete de mínimo 50 | F45: No requiere | G45: Si | H45: 1270 | I45: 16500 | J45: 35600 | K45: 4500 | M45: =+MIN(I45:K45) -> 4500 | N45: =+ROUND(AVERAGE(I45,K45),0) -> 10500 | O45: =+ROUND(AVERAGE(M45:N45),0) -> 7500 | Q45: =+IF($Q$6=1,M45,IF($Q$6=2,N45,IF($Q$6=3,O45,0))) -> 7500 | X45: =+MIN(Q45,T45) -> 7500 | Y45: =+ROUND(AVERAGE(Q45,T45),0) -> 7500 | Z45: =+ROUND(AVERAGE(X45:Y45),0) -> 7500 | AB45: =Q45 -> 7500 | AC45: =+AB45*19% -> 1425 | AD45: =ROUND(SUM(AB45:AC45),0) -> 8925 | AE45: =+AD45*H45 -> 11334750 | AF45: =+AB45/S45-1 -> #DIV/0!
A46: 36 | B46: Mezclador | C46: - Mezcladores elaborados en madera y/o apartir de recursos renovables como la caña de azucar y/o almidón de maíz - Longitud mínima de 11 cm | D46: Compra | E46: Paquete de mínimo 500 | F46: No requiere | G46: Si | H46: 150 | I46: 15400 | J46: 30000 | K46: 5294 | M46: =+MIN(I46:K46) -> 5294 | N46: =+ROUND(AVERAGE(I46,K46),0) -> 10347 | O46: =+ROUND(AVERAGE(M46:N46),0) -> 7821 | Q46: =+IF($Q$6=1,M46,IF($Q$6=2,N46,IF($Q$6=3,O46,0))) -> 7821 | X46: =+MIN(Q46,T46) -> 7821 | Y46: =+ROUND(AVERAGE(Q46,T46),0) -> 7821 | Z46: =+ROUND(AVERAGE(X46:Y46),0) -> 7821 | AB46: =Q46 -> 7821 | AC46: =+AB46*19% -> 1485.99 | AD46: =ROUND(SUM(AB46:AC46),0) -> 9307 | AE46: =+AD46*H46 -> 1396050 | AF46: =+AB46/S46-1 -> #DIV/0!
A47: 37 | B47: Servilleta papel | C47: - Tipo cafetería - Dobe hoja - Color blanco - Dimensiones mínimas de 20 cm de largo y 12 cm de ancho - 100% Biodegradable - Elaborado a base de papel reciclado no clorado - No debe contener PVC o Poliestireno expandido u otros plásticos de un solo uso tanto en el envase como en el embalaje. | D47: Compra | E47: Paquete de mínimo 100 unidades | F47: No requiere | G47: Si | H47: 136 | I47: 9900 | J47: 22600 | K47: 4727 | M47: =+MIN(I47:K47) -> 4727 | N47: =+ROUND(AVERAGE(I47,K47),0) -> 7314 | O47: =+ROUND(AVERAGE(M47:N47),0) -> 6021 | Q47: =+IF($Q$6=1,M47,IF($Q$6=2,N47,IF($Q$6=3,O47,0))) -> 6021 | X47: =+MIN(Q47,T47) -> 6021 | Y47: =+ROUND(AVERAGE(Q47,T47),0) -> 6021 | Z47: =+ROUND(AVERAGE(X47:Y47),0) -> 6021 | AB47: =Q47 -> 6021 | AC47: =+AB47*19% -> 1143.99 | AD47: =ROUND(SUM(AB47:AC47),0) -> 7165 | AE47: =+AD47*H47 -> 974440 | AF47: =+AB47/S47-1 -> #DIV/0!
A48: 38 | B48: Filtro para greca 2 | C48: - Elaborada en tela - Para greca - Capacidad de una 1 libra - No debe contener PVC o Poliestireno expandido u otros plásticos de un solo uso tanto en el envase como en el embalaje. | D48: Compra | E48: Unidad | F48: No requiere | G48: No | H48: 29 | I48: 19800 | J48: 39000 | K48: 5714 | M48: =+MIN(I48:K48) -> 5714 | N48: =+ROUND(AVERAGE(I48,K48),0) -> 12757 | O48: =+ROUND(AVERAGE(M48:N48),0) -> 9236 | Q48: =+IF($Q$6=1,M48,IF($Q$6=2,N48,IF($Q$6=3,O48,0))) -> 9236 | S48: 1925 | T48: =(U9/T9)*V48 -> 3041.8578 | V48: 2763 | X48: =+MIN(Q48,T48) -> 3041.8578 | Y48: =+ROUND(AVERAGE(Q48,T48),0) -> 6139 | Z48: =+ROUND(AVERAGE(X48:Y48),0) -> 4590 | AB48: =Q48 -> 9236 | AC48: =+AB48*19% -> 1754.84 | AD48: =ROUND(SUM(AB48:AC48),0) -> 10991 | AE48: =+AD48*H48 -> 318739 | AF48: =+AB48/S48-1 -> 3.7979221
A49: 39 | B49: Churrusco para tubos de greca | C49: - Cepillo para lavado y fregado de grecas. - No debe contener PVC, Poliestireno expandido u otros plásticos de un solo uso tanto en el envase como en el embalaje. - Base y mango elaborados en alambre | D49: Compra | E49: Unidad | F49: No requiere | G49: No | H49: 0 | I49: 13200 | J49: 40000 | K49: 6471 | M49: =+MIN(I49:K49) -> 6471 | N49: =+ROUND(AVERAGE(I49,K49),0) -> 9836 | O49: =+ROUND(AVERAGE(M49:N49),0) -> 8154 | Q49: =+IF($Q$6=1,M49,IF($Q$6=2,N49,IF($Q$6=3,O49,0))) -> 8154 | X49: =+MIN(Q49,T49) -> 8154 | Y49: =+ROUND(AVERAGE(Q49,T49),0) -> 8154 | Z49: =+ROUND(AVERAGE(X49:Y49),0) -> 8154 | AB49: =Q49 -> 8154 | AC49: =+AB49*19% -> 1549.26 | AD49: =ROUND(SUM(AB49:AC49),0) -> 9703 | AE49: =+AD49*H49 -> 0 | AF49: =+AB49/S49-1 -> #DIV/0!
A50: 40 | B50: Termo para café 1 | C50: - Elaborado en plástico - Capacidad mínima de 1 litro | D50: Compra | E50: Unidad | F50: No requiere | G50: No | H50: 19 | I50: 38500 | J50: 45000 | K50: 58824 | M50: =+MIN(I50:K50) -> 38500 | N50: =+ROUND(AVERAGE(I50,K50),0) -> 48662 | O50: =+ROUND(AVERAGE(M50:N50),0) -> 43581 | Q50: =+IF($Q$6=1,M50,IF($Q$6=2,N50,IF($Q$6=3,O50,0))) -> 43581 | S50: 16275 | T50: =(U9/T9)*V50 -> 25708.818 | V50: 23352 | X50: =+MIN(Q50,T50) -> 25708.818 | Y50: =+ROUND(AVERAGE(Q50,T50),0) -> 34645 | Z50: =+ROUND(AVERAGE(X50:Y50),0) -> 30177 | AB50: =Q50 -> 43581 | AC50: =+AB50*19% -> 8280.39 | AD50: =ROUND(SUM(AB50:AC50),0) -> 51861 | AE50: =+AD50*H50 -> 985359 | AF50: =+AB50/S50-1 -> 1.677788
A51: 41 | B51: Café 1 | C51: - 100% café tostado y molido. - Tostión media. - Certificacion Denominación de Origen - Empacada en bolsa de polipropileno aluminizada resistente a la humedad y al oxígeno. - Debe cumplir con las Resoluciones 333 de 2011 y 2674 de 2013 hasta la entrada en vigencia de la Resolución 810 de 2021 y aquellas que la modifiquen, adicionen o deroguen. - Para cambio de marca, se requiere certificar la cadena de distribución. | D51: Compra | E51: Libra | F51: Requiere NSO | G51: No | H51: 675 | I51: 31900 | J51: 39500 | K51: 45000 | M51: =+MIN(I51:K51) -> 31900 | N51: =+ROUND(AVERAGE(I51,K51),0) -> 38450 | O51: =+ROUND(AVERAGE(M51:N51),0) -> 35175 | Q51: =+IF($Q$6=1,M51,IF($Q$6=2,N51,IF($Q$6=3,O51,0))) -> 35175 | S51: 8133 | T51: =(U9/T9)*V51 -> 11336.232 | V51: 10297 | X51: =+MIN(Q51,T51) -> 11336.232 | Y51: =+ROUND(AVERAGE(Q51,T51),0) -> 23256 | Z51: =+ROUND(AVERAGE(X51:Y51),0) -> 17296 | AB51: =Q51 -> 35175 | AC51: =+AB51*5% -> 1758.75 | AD51: =SUM(AB51:AC51) -> 36933.75 | AE51: =+AD51*H51 -> 24930281 | AF51: =+AB51/S51-1 -> 3.3249723 | AH51: 29209
A52: 42 | B52: Azúcar 1 | C52: - Blanca - Empaque elaborado en materiales atóxicos - Debe cumplir con Resolución 333 de 2011 sobre rotulado y etiquetado nutricional y las normas que la modifiquen | D52: Compra | E52: Bolsa de mínimo 200 sobres o tubipacks de 5 g | F52: Requiere RSA | G52: No | H52: 488 | I52: 15400 | J52: 28300 | K52: 7647 | M52: =+MIN(I52:K52) -> 7647 | N52: =+ROUND(AVERAGE(I52,K52),0) -> 11524 | O52: =+ROUND(AVERAGE(M52:N52),0) -> 9586 | Q52: =+IF($Q$6=1,M52,IF($Q$6=2,N52,IF($Q$6=3,O52,0))) -> 9586 | S52: 4523 | T52: =(U9/T9)*V52 -> 6305.0017 | V52: 5727 | X52: =+MIN(Q52,T52) -> 6305.0017 | Y52: =+ROUND(AVERAGE(Q52,T52),0) -> 7946 | Z52: =+ROUND(AVERAGE(X52:Y52),0) -> 7126 | AB52: =Q52 -> 9586 | AC52: =+AB52*5% -> 479.3 | AD52: =SUM(AB52:AC52) -> 10065.3 | AE52: =+AD52*H52 -> 4911866.4 | AF52: =+AB52/S52-1 -> 1.1193898 | AH52: 14020
A53: 43 | B53: Aromática de fruta | C53: - Debe cumplir con Resolución 2492 de 2022 sobre rotulado y etiquetado nutricional y las normas que la modifiquen - Mínimo 12 meses de vida útil desde la fecha de fabricación - Sabores: Papayuela, Mora, Maracuya, Uchuva, Uva, Fresa, Piña, Durazno, Naranja, Manzana y Arandano (Entrega mínima de 3 sabores) - 100% natural | D53: Compra | E53: Caja de 20 unidades | F53: Requiere NSO | G53: No | H53: 624 | I53: 12100 | J53: 35000 | K53: 3277 | M53: =+MIN(I53:K53) -> 3277 | N53: =+ROUND(AVERAGE(I53,K53),0) -> 7689 | O53: =+ROUND(AVERAGE(M53:N53),0) -> 5483 | Q53: =+IF($Q$6=1,M53,IF($Q$6=2,N53,IF($Q$6=3,O53,0))) -> 5483 | S53: 1345 | T53: =(U9/T9)*V53 -> 2124.7867 | V53: 1930 | X53: =+MIN(Q53,T53) -> 2124.7867 | Y53: =+ROUND(AVERAGE(Q53,T53),0) -> 3804 | Z53: =+ROUND(AVERAGE(X53:Y53),0) -> 2964 | AB53: =Q53 -> 5483 | AC53: =+AB53*19% -> 1041.77 | AD53: =SUM(AB53:AC53) -> 6524.77 | AE53: =+AD53*H53 -> 4071456.5 | AF53: =+AB53/S53-1 -> 3.0765799
A54: 44 | B54: Agua potable 4 | C54: - Agua potable potable purificada | D54: Compra | E54: Botellón de mínimo 20 L | F54: Requiere RSA | G54: No | H54: 1000 | I54: 24200 | J54: 24000 | K54: 25950 | M54: =+MIN(I54:K54) -> 24000 | N54: =+ROUND(AVERAGE(I54,K54),0) -> 25075 | O54: =+ROUND(AVERAGE(M54:N54),0) -> 24538 | Q54: =+IF($Q$6=1,M54,IF($Q$6=2,N54,IF($Q$6=3,O54,0))) -> 24538 | S54: 9122 | T54: =(U9/T9)*V54 -> 12109.082 | V54: 10999 | X54: =+MIN(Q54,T54) -> 12109.082 | Y54: =+ROUND(AVERAGE(Q54,T54),0) -> 18324 | Z54: =+ROUND(AVERAGE(X54:Y54),0) -> 15217 | AB54: =Q54 -> 24538 | AC54: N/A | AD54: =SUM(AB54:AC54) -> 24538 | AE54: =+AD54*H54 -> 24538000 | AF54: =+AB54/S54-1 -> 1.6899803 | AH54: 29856
A55: 45 | B55: Brillador 2 | C55: - Mopa elaborada en algodón - Área de barrido mínima de 60 cm de largo por 16cm de ancho - Armazón y mango metálico | D55: Compra | E55: Unidad | F55: No requiere | G55: No | H55: 139 | I55: 71500 | J55: 365000 | K55: 73109 | M55: =+MIN(I55:K55) -> 71500 | N55: =+ROUND(AVERAGE(I55,K55),0) -> 72305 | O55: =+ROUND(AVERAGE(M55:N55),0) -> 71903 | Q55: =+IF($Q$6=1,M55,IF($Q$6=2,N55,IF($Q$6=3,O55,0))) -> 71903 | S55: 24065 | T55: =(U9/T9)*V55 -> 38013.865 | V55: 34529 | X55: =+MIN(Q55,T55) -> 38013.865 | Y55: =+ROUND(AVERAGE(Q55,T55),0) -> 54958 | Z55: =+ROUND(AVERAGE(X55:Y55),0) -> 46486 | AB55: =Q55 -> 71903 | AC55: =+AB55*19% -> 13661.57 | AD55: =SUM(AB55:AC55) -> 85564.57 | AE55: =+AD55*H55 -> 11893475 | AF55: =+AB55/S55-1 -> 1.9878662
A56: 46 | B56: Rastrillo 2 | C56: - Barra dentada metálica con mínimo 18 dientes - Mango metálico plastificado con longitud mínima de 120 cm | D56: Compra | E56: Unidad | F56: No requiere | G56: No | H56: 54 | I56: 41800 | J56: 100000 | K56: 19664 | M56: =+MIN(I56:K56) -> 19664 | N56: =+ROUND(AVERAGE(I56,K56),0) -> 30732 | O56: =+ROUND(AVERAGE(M56:N56),0) -> 25198 | Q56: =+IF($Q$6=1,M56,IF($Q$6=2,N56,IF($Q$6=3,O56,0))) -> 25198 | X56: =+MIN(Q56,T56) -> 25198 | Y56: =+ROUND(AVERAGE(Q56,T56),0) -> 25198 | Z56: =+ROUND(AVERAGE(X56:Y56),0) -> 25198 | AB56: =Q56 -> 25198 | AC56: =+AB56*19% -> 4787.62 | AD56: =SUM(AB56:AC56) -> 29985.62 | AE56: =+AD56*H56 -> 1619223.5 | AF56: =+AB56/S56-1 -> #DIV/0!
A57: 47 | B57: Recogedor de basura 1 | C57: - Elaborado en plástico - Con banda de goma y dientas barrescobas - Mango con longitud mínima de 70 cm | D57: Compra | E57: Unidad | F57: No requiere | G57: No | H57: 54 | I57: 19800 | J57: 35600 | K57: 6050 | M57: =+MIN(I57:K57) -> 6050 | N57: =+ROUND(AVERAGE(I57,K57),0) -> 12925 | O57: =+ROUND(AVERAGE(M57:N57),0) -> 9488 | Q57: =+IF($Q$6=1,M57,IF($Q$6=2,N57,IF($Q$6=3,O57,0))) -> 9488 | S57: 2834 | T57: =(U9/T9)*V57 -> 4478.5659 | V57: 4068 | X57: =+MIN(Q57,T57) -> 4478.5659 | Y57: =+ROUND(AVERAGE(Q57,T57),0) -> 6983 | Z57: =+ROUND(AVERAGE(X57:Y57),0) -> 5731 | AB57: =Q57 -> 9488 | AC57: =+AB57*19% -> 1802.72 | AD57: =SUM(AB57:AC57) -> 11290.72 | AE57: =+AD57*H57 -> 609698.88 | AF57: =+AB57/S57-1 -> 2.3479181
A58: 48 | B58: Vasos 2 | C58: - Elaborado en vidrio - Cilíndrico - Capacidad mínima de 12 oz | D58: Compra | E58: Unidad | F58: No requiere | G58: No | H58: 60 | I58: 11000 | J58: 28500 | K58: 6500 | M58: =+MIN(I58:K58) -> 6500 | N58: =+ROUND(AVERAGE(I58,K58),0) -> 8750 | O58: =+ROUND(AVERAGE(M58:N58),0) -> 7625 | Q58: =+IF($Q$6=1,M58,IF($Q$6=2,N58,IF($Q$6=3,O58,0))) -> 7625 | X58: =+MIN(Q58,T58) -> 7625 | Y58: =+ROUND(AVERAGE(Q58,T58),0) -> 7625 | Z58: =+ROUND(AVERAGE(X58:Y58),0) -> 7625 | AB58: =Q58 -> 7625 | AC58: =+AB58*19% -> 1448.75 | AD58: =SUM(AB58:AC58) -> 9073.75 | AE58: =+AD58*H58 -> 544425 | AF58: =+AB58/S58-1 -> #DIV/0!
A59: 49 | B59: Set pocillo y plato para café | C59: -Pocillo y plato de porcelana blanca para café. - Sin diseño - Plato de mínimo 12 cm de diámetro y pocillo de mínimo 150 cc - No se debe rayar con el uso de los cubiertos y debe ser apta para uso en horno microondas. | D59: Compra | E59: Juego | F59: No requiere | G59: No | H59: =36*3 -> 108 | I59: 30800 | J59: 458900 | K59: 80000 | M59: =+MIN(I59:K59) -> 30800 | N59: =+ROUND(AVERAGE(I59,K59),0) -> 55400 | O59: =+ROUND(AVERAGE(M59:N59),0) -> 43100 | Q59: =+IF($Q$6=1,M59,IF($Q$6=2,N59,IF($Q$6=3,O59,0))) -> 43100 | S59: 5845 | T59: =(U9/T9)*V59 -> 9232.3632 | V59: 8386 | X59: =+MIN(Q59,T59) -> 9232.3632 | Y59: =+ROUND(AVERAGE(Q59,T59),0) -> 26166 | Z59: =+ROUND(AVERAGE(X59:Y59),0) -> 17699 | AB59: =Q59 -> 43100 | AC59: =+AB59*19% -> 8189 | AD59: =SUM(AB59:AC59) -> 51289 | AE59: =+AD59*H59 -> 5539212 | AF59: =+AB59/S59-1 -> 6.3738238
A60: 50 | B60: Jarra | C60: - Elaborada en vidrio - Sin diseño - Capacidad mínima de 1,5 litros | D60: Compra | E60: Unidad | F60: No requiere | G60: No | H60: 12 | I60: 26400 | J60: 50000 | K60: 32000 | M60: =+MIN(I60:K60) -> 26400 | N60: =+ROUND(AVERAGE(I60,K60),0) -> 29200 | O60: =+ROUND(AVERAGE(M60:N60),0) -> 27800 | Q60: =+IF($Q$6=1,M60,IF($Q$6=2,N60,IF($Q$6=3,O60,0))) -> 27800 | X60: =+MIN(Q60,T60) -> 27800 | Y60: =+ROUND(AVERAGE(Q60,T60),0) -> 27800 | Z60: =+ROUND(AVERAGE(X60:Y60),0) -> 27800 | AB60: =Q60 -> 27800 | AC60: =+AB60*19% -> 5282 | AD60: =SUM(AB60:AC60) -> 33082 | AE60: =+AD60*H60 -> 396984 | AF60: =+AB60/S60-1 -> #DIV/0!
A61: 51 | B61: Haraganes 2 | C61: - Para limpiar vidrios - Con banda de goma con longitud mínima de 50 cm. - Mango metálico extensible con longitud mínima de 60 cm y máxima de 150 cm | D61: Compra | E61: Unidad | F61: No requiere | G61: No | H61: 10 | I61: 52800 | J61: 285630 | K61: 50500 | M61: =+MIN(I61:K61) -> 50500 | N61: =+ROUND(AVERAGE(I61,K61),0) -> 51650 | O61: =+ROUND(AVERAGE(M61:N61),0) -> 51075 | Q61: =+IF($Q$6=1,M61,IF($Q$6=2,N61,IF($Q$6=3,O61,0))) -> 51075 | X61: =+MIN(Q61,T61) -> 51075 | Y61: =+ROUND(AVERAGE(Q61,T61),0) -> 51075 | Z61: =+ROUND(AVERAGE(X61:Y61),0) -> 51075 | AB61: =Q61 -> 51075 | AC61: =+AB61*19% -> 9704.25 | AD61: =SUM(AB61:AC61) -> 60779.25 | AE61: =+AD61*H61 -> 607792.5 | AF61: =+AB61/S61-1 -> #DIV/0!
A62: 52 | B62: Balde | C62: - Capacidad mínima de 10 litros - Con manija móvil - Con "pico" antiderrames - Disponibles en diferentes colores - Elaborado en material reciclable - Marcado de acuerdo con la norma ISO 11469 y ISO 1043. | D62: Compra | E62: Unidad | F62: No requiere | G62: No | H62: 29 | I62: 17600 | J62: 48500 | K62: 6723 | M62: =+MIN(I62:K62) -> 6723 | N62: =+ROUND(AVERAGE(I62,K62),0) -> 12162 | O62: =+ROUND(AVERAGE(M62:N62),0) -> 9443 | Q62: =+IF($Q$6=1,M62,IF($Q$6=2,N62,IF($Q$6=3,O62,0))) -> 9443 | X62: =+MIN(Q62,T62) -> 9443 | Y62: =+ROUND(AVERAGE(Q62,T62),0) -> 9443 | Z62: =+ROUND(AVERAGE(X62:Y62),0) -> 9443 | AB62: =Q62 -> 9443 | AC62: =+AB62*19% -> 1794.17 | AD62: =SUM(AB62:AC62) -> 11237.17 | AE62: =+AD62*H62 -> 325877.93 | AF62: =+AB62/S62-1 -> #DIV/0!
A63: 53 | B63: Acido Muriatrico por galon | C63: - De tipo uso domestico - Diluido al 28% | D63: compra | E63: Líquido, en recipiente de vidro con capacidad mínima de 500 ml | F63: Requiere NSO | G63: No | H63: 25 | I63: 15400 | J63: 37500 | K63: 15000 | M63: =+MIN(I63:K63) -> 15000 | N63: =+ROUND(AVERAGE(I63,K63),0) -> 15200 | O63: =+ROUND(AVERAGE(M63:N63),0) -> 15100 | Q63: =+IF($Q$6=1,M63,IF($Q$6=2,N63,IF($Q$6=3,O63,0))) -> 15100 | X63: =+MIN(Q63,T63) -> 15100 | Y63: =+ROUND(AVERAGE(Q63,T63),0) -> 15100 | Z63: =+ROUND(AVERAGE(X63:Y63),0) -> 15100 | AB63: =Q63 -> 15100 | AC63: =+AB63*19% -> 2869 | AD63: =SUM(AB63:AC63) -> 17969 | AE63: =+AD63*H63 -> 449225 | AF63: =+AB63/S63-1 -> #DIV/0!
I64: =SUM(I11:I63) -> 1367850 | J64: =SUM(J11:J63) -> 4285218 | K64: =SUM(K11:K63) -> 855778 | M64: =SUM(M11:M63) -> 768813 | N64: =SUM(N11:N63) -> 1142821 | O64: =SUM(O11:O63) -> 955828 | Q64: =SUM(Q11:Q63) -> 980065 | S64: =SUM(S11:S63) -> 201531 | T64: =SUM(T11:U63) -> 313710.99 | X64: =+MIN(Q64,S64) -> 201531 | Y64: =+ROUND(AVERAGE(Q64,T64),0) -> 646888 | Z64: =+ROUND(AVERAGE(X64:Y64),0) -> 424210 | AB64: =+Z64 -> 424210 | AC64: =+AB64*19% -> 80599.9 | AD64: =SUM(AB64:AC64) -> 504809.9
AE65: =SUM(AE11:AE63) -> 2.0903622e+08
A66: NOTA 1: El item 44 Se excuentra exento de Iva - - Estatuto tributario, Art. 424. Bienes que no causan el impuesto. 22.01 Agua, incluidas el agua mineral natural o artificial y la gaseada, sin adición de azúcar u otro edulcorante ni aromatizada, hielo y nieve.
A67: NOTA 2 Los item 41 y 42 son elementos que causan 5% de IVA - Estatuto tributario, Art. 468-1. Bienes gravados con la tarifa del cinco por ciento (5%). Café y Azúcar.

Sheet MAQ
C2: SERVICIO INTEGRAL DE ASEO, MANTENIMIENTO Y CAFETERÍA, INCLUIDOS TODOS LOS INSUMOS Y ELEMENTOS NECESARIOS PARA SU ATENCIÓN EN LAS SEDES DE LA REGIONAL CARIBE.
Q3: 1 | AB3: 2
T4: HISTORICO 2024
T5: 45451 | U5: 46113
A6: MAQUINARIA | I6: COTIZACIÓN NO.1 | J6: COTIZACIÓN NO.2 | K6: COTIZACIÓN NO.3 | M6: MENOR VALOR | N6: PROMEDIO | O6: MEDIA ARITMETICA BAJA | Q6: VALOR SELECCIONADO COTIZACIONES | S6: VALOR CONTRATADO | T6: 1.4367 | U6: 1.5817 | X6: MENOR VALOR | Y6: PROMEDIO | Z6: MEDIA ARITMETICA BAJA | AB6: VALORES FINALES ESTUDIO
A7: ITEM | B7: BIEN | C7: ESPECIFICACIÓN TÉCNICA | D7: CONDICIÓN | E7: PRESENTACIÓN | F7: REQUIERE NSO (notificación Sanitaria Obligatoria O RSA (Registro Sanitario) | G7: ELEMENTO BIODEGRADABLE | H7: CANTIDAD PROMEDIO MENSUAL | I7: VALOR UNITARIO | J7: VALOR UNITARIO | K7: VALOR UNITARIO | M7: VALOR UNITARIO | N7: VALOR UNITARIO | O7: VALOR UNITARIO | Q7: VALOR UNITARIO | S7: VALOR UNITARIO | T7: VALOR UNITARIO SIN IVA | X7: VALOR UNITARIO | Y7: VALOR UNITARIO | Z7: VALOR UNITARIO | AB7: VALOR UNITARIO | AC7: IVA | AD7: VALOR UNITARIO INCLUIDO IVA | AE7: VALOR TOTAL
A8: 1 | B8: Carro exprimidor de trapero 1 | C8: - Elaborado en plástico - Capacidad mínima de 24 litros - Con cuatro ruedas y manija de escurridor | D8: Arrendamiento | E8: Unidad | F8: No requiere | G8: No | H8: 62 | I8: 60000 | J8: 125888 | K8: 42000 | M8: =+MIN(I8:K8) -> 42000 | N8: =+ROUND(AVERAGE(I8,K8),0) -> 51000 | O8: =+ROUND(AVERAGE(M8:N8),0) -> 46500 | Q8: =+IF($Q$3=1,M8,IF($Q$3=2,N8,IF($Q$3=3,O8,0))) -> 42000 | S8: 19220 | T8: =(U6/T6)*V8 -> 30361.33 | V8: 27578 | X8: =+MIN(Q8,T8) -> 30361.33 | Y8: =+ROUND(AVERAGE(Q8,T8),0) -> 36181 | Z8: =+ROUND(AVERAGE(X8:Y8),0) -> 33271 | AB8: =M8 -> 42000 | AC8: =+AB8*19% -> 7980 | AD8: =SUM(AB8:AC8) -> 49980 | AE8: =+AD8*H8 -> 3098760 | AG8: =+AB8/S8-1 -> 1.1852237
A9: 2 | B9: Carros para limpieza | C9: - Tamaño mínimo de 70 cm de largo por 50 cm de ancho por 95 cm de alto - Mínimo dos bandejas de servicio - Con mínimo una bolsa de limpieza - Con plataforma para balde escurridor - Con cuatro ruedas antirayones - Ruedas delanteras con ángulo de giro de 360 grados | D9: Arrendamiento | E9: Unidad | F9: No requiere | G9: No | H9: 22 | I9: 200000 | J9: 356980 | K9: 53000 | M9: =+MIN(I9:K9) -> 53000 | N9: =+ROUND(AVERAGE(I9,K9),0) -> 126500 | O9: =+ROUND(AVERAGE(M9:N9),0) -> 89750 | Q9: =+IF($Q$3=1,M9,IF($Q$3=2,N9,IF($Q$3=3,O9,0))) -> 53000 | S9: 28761 | T9: =(U6/T6)*V9 -> 45431.902 | V9: 41267 | X9: =+MIN(Q9,T9) -> 45431.902 | Y9: =+ROUND(AVERAGE(Q9,T9),0) -> 49216 | Z9: =+ROUND(AVERAGE(X9:Y9),0) -> 47324 | AB9: =M9 -> 53000 | AC9: =+AB9*19% -> 10070 | AD9: =SUM(AB9:AC9) -> 63070 | AE9: =+AD9*H9 -> 1387540 | AG9: =+AB9/S9-1 -> 0.8427732
A10: 3 | B10: Carro de bebidas | C10: - Elaborado en plástico - Mínimo dos estantes para distribución de bebidas - Tamaño mínimo de 80 cm de largo por 47 cm de ancho por 90 cm de alto | D10: Arrendamiento | E10: Unidad | F10: No requiere | G10: No | H10: 17 | I10: 110000 | J10: 285600 | K10: 50000 | M10: =+MIN(I10:K10) -> 50000 | N10: =+ROUND(AVERAGE(I10,K10),0) -> 80000 | O10: =+ROUND(AVERAGE(M10:N10),0) -> 65000 | Q10: =+IF($Q$3=1,M10,IF($Q$3=2,N10,IF($Q$3=3,O10,0))) -> 50000 | S10: 22505 | T10: =(U6/T6)*V10 -> 35549.993 | V10: 32291 | X10: =+MIN(Q10,T10) -> 35549.993 | Y10: =+ROUND(AVERAGE(Q10,T10),0) -> 42775 | Z10: =+ROUND(AVERAGE(X10:Y10),0) -> 39162 | AB10: =M10 -> 50000 | AC10: =+AB10*19% -> 9500 | AD10: =SUM(AB10:AC10) -> 59500 | AE10: =+AD10*H10 -> 1011500 | AG10: =+AB10/S10-1 -> 1.2217285
A11: 4 | B11: Escalera 4 | C11: - Cuerpo Metálico - Altura mínima de mínimo seis pasos. | D11: Arrendamiento | E11: Unidad | F11: No requiere | G11: No | H11: 20 | I11: 50000 | J11: 356666 | K11: 40000 | M11: =+MIN(I11:K11) -> 40000 | N11: =+ROUND(AVERAGE(I11,K11),0) -> 45000 | O11: =+ROUND(AVERAGE(M11:N11),0) -> 42500 | Q11: =+IF($Q$3=1,M11,IF($Q$3=2,N11,IF($Q$3=3,O11,0))) -> 40000 | X11: =+MIN(Q11,T11) -> 40000 | Y11: =+ROUND(AVERAGE(Q11,T11),0) -> 40000 | Z11: =+ROUND(AVERAGE(X11:Y11),0) -> 40000 | AB11: =M11 -> 40000 | AC11: =+AB11*19% -> 7600 | AD11: =SUM(AB11:AC11) -> 47600 | AE11: =+AD11*H11 -> 952000
A12: 5 | B12: Mangueras 3 | C12: - Longitud mínima de 50 metros - Elaborada en PVC - Con terminales roscadas en ambos extremos - Incluye accesorios: acoples y pistola | D12: Arrendamiento | E12: Unidad | F12: No requiere | G12: No | H12: 30 | I12: 90000 | J12: 352000 | K12: 18000 | M12: =+MIN(I12:K12) -> 18000 | N12: =+ROUND(AVERAGE(I12,K12),0) -> 54000 | O12: =+ROUND(AVERAGE(M12:N12),0) -> 36000 | Q12: =+IF($Q$3=1,M12,IF($Q$3=2,N12,IF($Q$3=3,O12,0))) -> 18000 | X12: =+MIN(Q12,T12) -> 18000 | Y12: =+ROUND(AVERAGE(Q12,T12),0) -> 18000 | Z12: =+ROUND(AVERAGE(X12:Y12),0) -> 18000 | AB12: =M12 -> 18000 | AC12: =+AB12*19% -> 3420 | AD12: =SUM(AB12:AC12) -> 21420 | AE12: =+AD12*H12 -> 642600
A13: 6 | B13: Señales peatonales de prevención y atención 3 | C13: - Elaborado en plástico - Tipo tijera, plegable - Tamaño mínimo de 25 cm de ancho por 60 cm de alto por 22 cm de largo. - Impresión en las dos caras con las palabras "Piso húmedo o "Piso mojado"". - Color amarillo - Acordes con la reglamentación establecida por la NTC 1461 | D13: Arrendamiento | E13: Unidad | F13: No requiere | G13: No | H13: 152 | I13: 40000 | J13: 96500 | K13: 12000 | M13: =+MIN(I13:K13) -> 12000 | N13: =+ROUND(AVERAGE(I13,K13),0) -> 26000 | O13: =+ROUND(AVERAGE(M13:N13),0) -> 19000 | Q13: =+IF($Q$3=1,M13,IF($Q$3=2,N13,IF($Q$3=3,O13,0))) -> 12000 | S13: 2320 | T13: =(U6/T6)*V13 -> 7598.5894 | V13: 6902 | X13: =+MIN(Q13,T13) -> 7598.5894 | Y13: =+ROUND(AVERAGE(Q13,T13),0) -> 9799 | Z13: =+ROUND(AVERAGE(X13:Y13),0) -> 8699 | AB13: =M13 -> 12000 | AC13: =+AB13*19% -> 2280 | AD13: =SUM(AB13:AC13) -> 14280 | AE13: =+AD13*H13 -> 2170560 | AG13: =+AB13/S13-1 -> 4.1724138
A14: 7 | B14: Dispensador para papel higiénico 1 | C14: - Elaborado en plástico ABS blanco - Para rollo de 250 metros y 400 metros - Con visor para ver el estado del rollo - Con cerradura y llave - Incluye los elementos necesarios para realizar la instalación en pared -Incluye el costo de instalación. | D14: Arrendamiento | E14: Unidad | F14: No requiere | G14: No | H14: 69 | I14: 25000 | J14: 256000 | K14: 11000 | M14: =+MIN(I14:K14) -> 11000 | N14: =+ROUND(AVERAGE(I14,K14),0) -> 18000 | O14: =+ROUND(AVERAGE(M14:N14),0) -> 14500 | Q14: =+IF($Q$3=1,M14,IF($Q$3=2,N14,IF($Q$3=3,O14,0))) -> 11000 | S14: 11001 | T14: =(U6/T6)*V14 -> 17378.113 | V14: 15785 | X14: =+MIN(Q14,T14) -> 11000 | Y14: =+ROUND(AVERAGE(Q14,T14),0) -> 14189 | Z14: =+ROUND(AVERAGE(X14:Y14),0) -> 12595 | AB14: =M14 -> 11000 | AC14: =+AB14*19% -> 2090 | AD14: =SUM(AB14:AC14) -> 13090 | AE14: =+AD14*H14 -> 903210 | AG14: =+AB14/S14-1 -> -9.0900827e-05
A15: 8 | B15: Dispensador de toallas de manos 2 | C15: - Elaborado en plástico ABS - Para toallas de papel interdobladas con capacidad mínima de 300 toallas - Con mecanismo para halar con la mano. - Con cerradura y llave - Incluye los elementos necesarios para realizar la instalación en pared -Incluye el costo de instalación | D15: Arrendamiento | E15: Unidad | F15: No requiere | G15: No | H15: 69 | I15: 45000 | J15: 240000 | K15: 11000 | M15: =+MIN(I15:K15) -> 11000 | N15: =+ROUND(AVERAGE(I15,K15),0) -> 28000 | O15: =+ROUND(AVERAGE(M15:N15),0) -> 19500 | Q15: =+IF($Q$3=1,M15,IF($Q$3=2,N15,IF($Q$3=3,O15,0))) -> 11000 | X15: =+MIN(Q15,T15) -> 11000 | Y15: =+ROUND(AVERAGE(Q15,T15),0) -> 11000 | Z15: =+ROUND(AVERAGE(X15:Y15),0) -> 11000 | AB15: =M15 -> 11000 | AC15: =+AB15*19% -> 2090 | AD15: =SUM(AB15:AC15) -> 13090 | AE15: =+AD15*H15 -> 903210
A16: 9 | B16: Dispensador de jabón líquido 1 | C16: - Elaborado en plástico ABS blanco - Con válvula manual anticorrosiva. - Uso habilitado para cualquier jabón líquido con capacidad mínima de 500 cc - Incluye los elementos necesarios para realizar la instalación en pared -Incluye el costo de instalación | D16: Arrendamiento | E16: Unidad | F16: No requiere | G16: No | H16: 69 | I16: 20000 | J16: 200000 | K16: 9000 | M16: =+MIN(I16:K16) -> 9000 | N16: =+ROUND(AVERAGE(I16,K16),0) -> 14500 | O16: =+ROUND(AVERAGE(M16:N16),0) -> 11750 | Q16: =+IF($Q$3=1,M16,IF($Q$3=2,N16,IF($Q$3=3,O16,0))) -> 9000 | X16: =+MIN(Q16,T16) -> 9000 | Y16: =+ROUND(AVERAGE(Q16,T16),0) -> 9000 | Z16: =+ROUND(AVERAGE(X16:Y16),0) -> 9000 | AB16: =M16 -> 9000 | AC16: =+AB16*19% -> 1710 | AD16: =SUM(AB16:AC16) -> 10710 | AE16: =+AD16*H16 -> 738990
A17: 10 | B17: Dispensador de agua con botellón | C17: - Dispensador de agua fría y caliente - Uso de gas refrigerante seguro para la capa de ozono | D17: Arrendamiento | E17: Unidad | F17: No requiere | G17: No | H17: 20 | I17: 110000 | J17: 520000 | K17: 68000 | M17: =+MIN(I17:K17) -> 68000 | N17: =+ROUND(AVERAGE(I17,K17),0) -> 89000 | O17: =+ROUND(AVERAGE(M17:N17),0) -> 78500 | Q17: =+IF($Q$3=1,M17,IF($Q$3=2,N17,IF($Q$3=3,O17,0))) -> 68000 | X17: =+MIN(Q17,T17) -> 68000 | Y17: =+ROUND(AVERAGE(Q17,T17),0) -> 68000 | Z17: =+ROUND(AVERAGE(X17:Y17),0) -> 68000 | AB17: =M17 -> 68000 | AC17: =+AB17*19% -> 12920 | AD17: =SUM(AB17:AC17) -> 80920 | AE17: =+AD17*H17 -> 1618400
A18: 11 | B18: Greca para tintos 2 | C18: - Eléctrica de 110 v - Cuerpo elaborada en lámina de acero inoxidable de calibre 24 como mínimo, grado alimento - Resistencias elaboradas en cobre - Terminales elaboradas en cobre remplazables sin soldadura - Mínimo 2 servicios -Con su respectivo filtro y aro - Con capacidad para 60 tintos | D18: Arrendamiento | E18: Unidad | F18: No requiere | G18: No | H18: 17 | I18: 99000 | J18: 420000 | K18: 50000 | M18: =+MIN(I18:K18) -> 50000 | N18: =+ROUND(AVERAGE(I18,K18),0) -> 74500 | O18: =+ROUND(AVERAGE(M18:N18),0) -> 62250 | Q18: =+IF($Q$3=1,M18,IF($Q$3=2,N18,IF($Q$3=3,O18,0))) -> 50000 | S18: 31077 | T18: =(U6/T6)*V18 -> 49091.379 | V18: 44591 | X18: =+MIN(Q18,T18) -> 49091.379 | Y18: =+ROUND(AVERAGE(Q18,T18),0) -> 49546 | Z18: =+ROUND(AVERAGE(X18:Y18),0) -> 49319 | AB18: =M18 -> 50000 | AC18: =+AB18*19% -> 9500 | AD18: =SUM(AB18:AC18) -> 59500 | AE18: =+AD18*H18 -> 1011500 | AG18: =+AB18/S18-1 -> 0.60890691
A19: 12 | B19: Greca para tintos 3 | C19: - Eléctrica de 110 v - Cuerpo elaborada en lámina de acero inoxidable de calibre 24 como mínimo, grado alimento - Resistencias elaboradas en cobre - Terminales elaboradas en cobre remplazables sin soldadura - Mínimo dos servicios -Con su respectivo filtro y aro - Con capacidad para 120 tintos | D19: Arrendamiento | E19: Unidad | F19: No requiere | G19: No | H19: 18 | I19: 155000 | J19: 850000 | K19: 50000 | M19: =+MIN(I19:K19) -> 50000 | N19: =+ROUND(AVERAGE(I19,K19),0) -> 102500 | O19: =+ROUND(AVERAGE(M19:N19),0) -> 76250 | Q19: =+IF($Q$3=1,M19,IF($Q$3=2,N19,IF($Q$3=3,O19,0))) -> 50000 | S19: 34618 | T19: =(U6/T6)*V19 -> 54682.981 | V19: 49670 | X19: =+MIN(Q19,T19) -> 50000 | Y19: =+ROUND(AVERAGE(Q19,T19),0) -> 52341 | Z19: =+ROUND(AVERAGE(X19:Y19),0) -> 51171 | AB19: =M19 -> 50000 | AC19: =+AB19*19% -> 9500 | AD19: =SUM(AB19:AC19) -> 59500 | AE19: =+AD19*H19 -> 1071000 | AG19: =+AB19/S19-1 -> 0.44433532
A20: 13 | B20: Horno microondas de tipo industrial | C20: - Potencia mínima de 1000 w - Tamaño mínimo de 30 cm de ancho por 30 cm de alto por 40 cm de profundidad. - Descongelamiento automático - Con programas automáticos | D20: Arrendamiento | E20: Unidad | F20: No requiere | G20: No | H20: 18 | I20: 110000 | J20: 456000 | K20: 70000 | M20: =+MIN(I20:K20) -> 70000 | N20: =+ROUND(AVERAGE(I20,K20),0) -> 90000 | O20: =+ROUND(AVERAGE(M20:N20),0) -> 80000 | Q20: =+IF($Q$3=1,M20,IF($Q$3=2,N20,IF($Q$3=3,O20,0))) -> 70000 | S20: 42718 | T20: =(U6/T6)*V20 -> 67477.94 | V20: 61292 | X20: =+MIN(Q20,T20) -> 67477.94 | Y20: =+ROUND(AVERAGE(Q20,T20),0) -> 68739 | Z20: =+ROUND(AVERAGE(X20:Y20),0) -> 68108 | AB20: =M20 -> 70000 | AC20: =+AB20*19% -> 13300 | AD20: =SUM(AB20:AC20) -> 83300 | AE20: =+AD20*H20 -> 1499400 | AG20: =+AB20/S20-1 -> 0.6386535
A21: 14 | B21: Aspiradora 2 | C21: - De uso industrial para aspirado en seco y húmedo - Motor con potencia entre 1200 w y 1400 w - Capacidad entre 45 y 55 litros - Cable de potencia con longitud mínima de 5m - Accesorios mínimos: manguera puntera, 2 tubos para extensión, cepillos para tapizados | D21: Arrendamiento | E21: Unidad | F21: No requiere | G21: No | H21: =1+1+2+3+3+2+2 -> 14 | I21: 210000 | J21: 1200000 | K21: 120000 | M21: =+MIN(I21:K21) -> 120000 | N21: =+ROUND(AVERAGE(I21,K21),0) -> 165000 | O21: =+ROUND(AVERAGE(M21:N21),0) -> 142500 | Q21: =+IF($Q$3=1,M21,IF($Q$3=2,N21,IF($Q$3=3,O21,0))) -> 120000 | S21: 71386 | T21: =(U6/T6)*V21 -> 112762.32 | V21: 102425 | X21: =+MIN(Q21,T21) -> 112762.32 | Y21: =+ROUND(AVERAGE(Q21,T21),0) -> 116381 | Z21: =+ROUND(AVERAGE(X21:Y21),0) -> 114572 | AB21: =M21 -> 120000 | AC21: =+AB21*19% -> 22800 | AD21: =SUM(AB21:AC21) -> 142800 | AE21: =+AD21*H21 -> 1999200 | AG21: =+AB21/S21-1 -> 0.68100188
A22: 15 | B22: Lavabrilladora de pisos 1 | C22: - De uso industrial - Motores con potencia mínima de 1,5 hp y velocidad mínima de 175 rpm. - Con manijas dobles - Con interruptor de apagado de seguridad - Diámetro mínimo de 16" - Cable de potencia con longitud mínima de 8m - Accesorios mínimos portapad, cepillo suave y duro | D22: Arrendamiento | E22: Unidad | F22: No requiere | G22: No | H22: 7 | I22: 154000 | J22: 1500000 | K22: 250000 | M22: =+MIN(I22:K22) -> 154000 | N22: =+ROUND(AVERAGE(I22,K22),0) -> 202000 | O22: =+ROUND(AVERAGE(M22:N22),0) -> 178000 | Q22: =+IF($Q$3=1,M22,IF($Q$3=2,N22,IF($Q$3=3,O22,0))) -> 154000 | X22: =+MIN(Q22,T22) -> 154000 | Y22: =+ROUND(AVERAGE(Q22,T22),0) -> 154000 | Z22: =+ROUND(AVERAGE(X22:Y22),0) -> 154000 | AB22: =M22 -> 154000 | AC22: =+AB22*19% -> 29260 | AD22: =SUM(AB22:AC22) -> 183260 | AE22: =+AD22*H22 -> 1282820
A23: 16 | B23: Brilladora de alta revolución | C23: - De uso industrial - Motores con potencia mínima de 1,5 hp y velocidad mínima de 1500 rpm. - Con manijas dobles - Con interruptor de apagado de seguridad - Diámetro mínimo de 20" - Cable de potencia con longitud mínima de 8m - Accesorios mínimos - portapad | D23: Arrendamiento | E23: Unidad | F23: No requiere | G23: No | H23: 6 | I23: 348000 | J23: 2000000 | K23: 270000 | M23: =+MIN(I23:K23) -> 270000 | N23: =+ROUND(AVERAGE(I23,K23),0) -> 309000 | O23: =+ROUND(AVERAGE(M23:N23),0) -> 289500 | Q23: =+IF($Q$3=1,M23,IF($Q$3=2,N23,IF($Q$3=3,O23,0))) -> 270000 | S23: 184288 | T23: =(U6/T6)*V23 -> 291103.48 | V23: 264417 | X23: =+MIN(Q23,T23) -> 270000 | Y23: =+ROUND(AVERAGE(Q23,T23),0) -> 280552 | Z23: =+ROUND(AVERAGE(X23:Y23),0) -> 275276 | AB23: =M23 -> 270000 | AC23: =+AB23*19% -> 51300 | AD23: =SUM(AB23:AC23) -> 321300 | AE23: =+AD23*H23 -> 1927800 | AG23: =+AB23/S23-1 -> 0.46509811
A24: 17 | B24: Hidrolavadora Industrial | C24: - Motor eléctrico y potencia de mínimo 1.5 Kw - 1.450 RPM y entre 2.5 HP y 3.5 HP. - Presión de salida de agua entre 900 psi y 1900 psi. - Con ruedas | D24: Arrendamiento | E24: Unidad | F24: No requiere | G24: No | H24: 10 | I24: 258000 | J24: 1400000 | K24: 220000 | M24: =+MIN(I24:K24) -> 220000 | N24: =+ROUND(AVERAGE(I24,K24),0) -> 239000 | O24: =+ROUND(AVERAGE(M24:N24),0) -> 229500 | Q24: =+IF($Q$3=1,M24,IF($Q$3=2,N24,IF($Q$3=3,O24,0))) -> 220000 | X24: =+MIN(Q24,T24) -> 220000 | Y24: =+ROUND(AVERAGE(Q24,T24),0) -> 220000 | Z24: =+ROUND(AVERAGE(X24:Y24),0) -> 220000 | AB24: =M24 -> 220000 | AC24: =+AB24*19% -> 41800 | AD24: =SUM(AB24:AC24) -> 261800 | AE24: =+AD24*H24 -> 2618000
A25: 18 | B25: Sopladora de hojas | C25: - Potenciado por motor a gasolina o eléctrico inalámbrico - Caudal mínimo de 380 cfm / 645m3/h - Autonomía mínima de 30 minutos - Intensidad máxima de sonido de 100dB - Incluye combustible para su funcionamiento (Máximo 3 galones) | D25: Arrendamiento | E25: Unidad | F25: No requiere | G25: No | H25: 7 | I25: 199000 | J25: 850000 | K25: 75000 | M25: =+MIN(I25:K25) -> 75000 | N25: =+ROUND(AVERAGE(I25,K25),0) -> 137000 | O25: =+ROUND(AVERAGE(M25:N25),0) -> 106000 | Q25: =+IF($Q$3=1,M25,IF($Q$3=2,N25,IF($Q$3=3,O25,0))) -> 75000 | S25: 82786 | T25: =(U6/T6)*V25 -> 130770.16 | V25: 118782 | X25: =+MIN(Q25,T25) -> 75000 | Y25: =+ROUND(AVERAGE(Q25,T25),0) -> 102885 | Z25: =+ROUND(AVERAGE(X25:Y25),0) -> 88943 | AB25: =M25 -> 75000 | AC25: =+AB25*19% -> 14250 | AD25: =SUM(AB25:AC25) -> 89250 | AE25: =+AD25*H25 -> 624750 | AG25: =+AB25/S25-1 -> -0.094049719
A26: 19 | B26: Girador Manual | C26: -Para destapar desagües entre 1/2" a 1 1/2". -Collar antideslizante que agarra y suelta el cable -Cable de núcleo hueco de mpinimo 5/16" × 25 pies (7,6 m) con barrena de cabeza de bulbo. -Tambor rotativo de plástico moldeado -Diseño de tambor abierto que permite el acceso al cable | D26: Arrendamiento | E26: Unidad | F26: No requiere | G26: No | H26: 8 | I26: 90000 | J26: 960000 | K26: 25000 | M26: =+MIN(I26:K26) -> 25000 | N26: =+ROUND(AVERAGE(I26,K26),0) -> 57500 | O26: =+ROUND(AVERAGE(M26:N26),0) -> 41250 | Q26: =+IF($Q$3=1,M26,IF($Q$3=2,N26,IF($Q$3=3,O26,0))) -> 25000 | X26: =+MIN(Q26,T26) -> 25000 | Y26: =+ROUND(AVERAGE(Q26,T26),0) -> 25000 | Z26: =+ROUND(AVERAGE(X26:Y26),0) -> 25000 | AB26: =M26 -> 25000 | AC26: =+AB26*19% -> 4750 | AD26: =SUM(AB26:AC26) -> 29750 | AE26: =+AD26*H26 -> 238000
A27: 20 | B27: Guadañas | C27: -Guadaña de Eje Rígido - Viene cilindrada con apróximadamente 30 a 51,6 cm3. -Peso promedio entre 6,5 Kg y 7,7 Kg. -Cuchilla de 80 puntas -Capacidad del tanque de combustible entre 0,65 Lt y 1 Lt. -Cuenta con un sistema de arranque manual. -Cuenta con un sistema de ignición electrónico - Incluye el combustible para su funcioamiento (Máximo 3 galones) | D27: Arrendamiento | E27: Unidad | F27: No requiere | G27: No | H27: 8 | I27: 230000 | J27: 999000 | K27: 120000 | M27: =+MIN(I27:K27) -> 120000 | N27: =+ROUND(AVERAGE(I27,K27),0) -> 175000 | O27: =+ROUND(AVERAGE(M27:N27),0) -> 147500 | Q27: =+IF($Q$3=1,M27,IF($Q$3=2,N27,IF($Q$3=3,O27,0))) -> 120000 | S27: 113560 | T27: =(U6/T6)*V27 -> 179380.44 | V27: 162936 | X27: =+MIN(Q27,T27) -> 120000 | Y27: =+ROUND(AVERAGE(Q27,T27),0) -> 149690 | Z27: =+ROUND(AVERAGE(X27:Y27),0) -> 134845 | AB27: =M27 -> 120000 | AC27: =+AB27*19% -> 22800 | AD27: =SUM(AB27:AC27) -> 142800 | AE27: =+AD27*H27 -> 1142400 | AG27: =+AB27/S27-1 -> 0.056710109
M28: =SUM(M8:M27) -> 1468000 | N28: =SUM(N8:N27) -> 2083500 | O28: =SUM(O8:O27) -> 1775750 | Q28: =SUM(Q8:Q27) -> 1468000 | X28: =SUM(X8:X27) -> 1419273.5 | Y28: =SUM(Y8:Y27) -> 1517294 | Z28: =SUM(Z8:Z27) -> 1468285 | AB28: =SUM(AB8:AB27) -> 1468000 | AC28: =+AB28*19% -> 278920 | AD28: =SUM(AB28:AC28) -> 1746920
AE29: =SUM(AE8,AE27) -> 4241160

Sheet TOTAL
A1: ANEXO - ESTUDIO DEL SECTOR
A5: OBJETO | B5: SERVICIO INTEGRAL DE ASEO, MANTENIMIENTO Y CAFETERÍA, INCLUIDOS TODOS LOS INSUMOS Y ELEMENTOS NECESARIOS PARA SU ATENCIÓN EN LAS SEDES DE LA REGIONAL CARIBE.
A11: NECESIDAD MENSUAL
B13: VALOR MES
A14: DESCRIPCIÓN | B14: VALOR MES | C14: VALOR TOTAL
A15: FACTOR HUMANO INCLUIDO AIU E IVA SOBRE AIU MENSUAL | B15: =+'FACTOR HUMANO '!AG37 -> 7.041158e+08 | C15: =+B15*4 -> 2.8164632e+09
A16: INSUMOS | B16: =+'INSUMOS '!AE65 -> 2.0903622e+08 | C16: =+B16*4 -> 8.3614487e+08
A17: MAQUINARIA | B17: =+MAQ!AE29 -> 4241160 | C17: =+B17*4 -> 16964640
A18: TOTAL | B18: =SUM(B15:B17) -> 9.1739318e+08 | C18: =SUM(C15:C17) -> 3.6695727e+09
A21: VALOR MENSUAL AJUSTADO AL PRESUPUESTO
B23: VALOR MES
A24: DESCRIPCIÓN | B24: VALOR MES | C24: VALOR TOTAL
A25: FACTOR HUMANO INCLUIDO AIU E IVA SOBRE AIU MENSUAL | B25: =+'FACTOR HUMANO '!AI37 -> 0 | C25: =+B25*1 -> 0
A26: INSUMOS | C26: =+B26*1 -> 0
A27: MAQUINARIA | C27: =+B27*1 -> 0
A28: TOTAL | C28: =SUM(C25:C27) -> 0
A31: VALORES FACTOR HUMANO MES AJUSTADO - SUMATORIA VALORES UNITARIOS INSUMOS Y MAQUINARIA
A33: DESCRIPCIÓN | B33: VALOR MES | C33: VALOR TOTAL
A34: FACTOR HUMANO INCLUIDO AIU E IVA SOBRE AIU MENSUAL | B34: =+'FACTOR HUMANO '!AI37 -> 0 | C34: =+B34*1 -> 0
A35: SUMATORIA DE VALORES UNITARIOS INSUMOS INCLUIDO IVA | B35: =+'INSUMOS '!AD64 -> 504809.9 | C35: =+B35*1 -> 504809.9
A36: SUMATORIA DE VALORES UNITARIOS BOLSA DE MAQUINARIA INCLUIDO IVA | B36: =+MAQ!AD28 -> 1746920 | C36: =+B36*1 -> 1746920
A37: TOTAL | C37: =SUM(C34:C36) -> 2251729.9
